 Dungeon Crawl Stone Soup version 0.31-a0-216-g22e908daa7 (webtiles) character file.

Game seed: 15814615701852488327

91710 qw the Marksminotaur (level 15, 1/1 HPs)
             Began as a Minotaur Hexslinger on July 1, 2023.
             Quit the game on level 14 of the Dungeon.
             The game lasted 02:31:57 (288819 turns).

qw the Marksminotaur (Minotaur Hexslinger)        Turns: 288819, Time: 02:31:58

Health: 1/1        AC: 13    Str: 12    XL:     15   Next: 55%
Magic:  21/21      EV: 28    Int: 10    God:
Gold:   641        SH:  0    Dex: 36    Spells: 15/16 levels left

rFire   . . .        m - +2 longbow (heavy)
rCold   . . .        (shield currently unavailable)
rNeg    + . .        x - +1 swamp dragon scales of Distant Shores {rPois Will+ Slay+3 SInv}
rPois   +            (helmet restricted)
rElec   .            (no cloak)
rCorr   .            (no gloves)
SInv    +            (no boots)
Will    ++...        (no amulet)
Stlth   +++          h - ring "Onnynninu" {rPois rN+ Dex+9 Stlth+}
HPRegen 0.20/turn    a - +6 ring of dexterity
MPRegen 0.17/turn

%: no passive effects
@: bezotted
A: horns 2, retaliatory headbutt, iridescent scales 2, subdued magic 1
a: no special abilities


You were on level 14 of the Dungeon.
You visited 3 branches of the dungeon, and saw 20 of its levels.
You also visited: Sewer and Ossuary.

You collected 1896 gold pieces.
You spent 1255 gold pieces at shops.


Innate Abilities, Weirdness & Mutations

You have a pair of horns on your head.
You reflexively headbutt those who attack you in melee.
You are mostly covered in iridescent scales. (AC +4)
Your spells are a little easier to cast, but a little less powerful.


   Skills:
 - Level 15.0 Fighting
 - Level 20.0 Ranged Weapons
 + Level 4.1 Armour
 - Level 15.3 Dodging
 - Level 1.0 Spellcasting
 - Level 2.0 Hexes
 - Level 10.0 Invocations


You had 15 spell levels left.
You knew the following spells:

 Your Spells              Type           Power      Damage    Failure   Level
a - Slow                  Hex            12%        N/A       28%         1

Your spell library contained the following spells:

 Spells                   Type           Power      Damage    Failure   Level
 Inner Flame              Hex/Fire       1%         N/A       78%         3
 Portal Projectile        Hex/Tloc       2%         N/A       78%         3
 Cause Fear               Hex            1%         N/A       96%         4

Inventory:

Hand Weapons
 m - a +2 heavy longbow (weapon)
Armour
 d - a +1 hat
 g - a +0 pair of boots
 k - a +0 pair of gloves
 l - a +0 cloak
 u - the +0 pair of boots of the Shoals {Int+3}
   (Okawaru gifted it to you on level 3 of the Lair of Beasts)

   Int:       It affects your intelligence (+3).
 x - the +1 swamp dragon scales of Distant Shores (worn) {rPois Will+ Slay+3 SInv}
   (Okawaru gifted it to you on level 14 of the Dungeon)

   Slay:      It affects your accuracy & damage with ranged weapons and melee
   (+3).
   rPois:     It protects you from poison.
   SInv:      It lets you see invisible.
   Will:      It increases your willpower.
Jewellery
 a - a +6 ring of dexterity (right hand)
 h - the ring "Onnynninu" (left hand) {rPois rN+ Dex+9 Stlth+}
   (You acquired it on level 8 of the Dungeon)

   [ring of positive energy]

   Dex:       It affects your dexterity (+9).
   rPois:     It protects you from poison.
   rN:        It protects you from negative energy.
   Stlth:     It makes you more stealthy.
 q - the amulet "Coyckuy" {*Corrode rPois Regen+ Int+4}
   (You bought it in a shop on level 11 of the Dungeon)

   [amulet of regeneration]

   Int:       It affects your intelligence (+4).
   rPois:     It protects you from poison.
   Regen:     It increases your rate of health regeneration.
   *Corrode:  It may corrode you when you take damage.
 s - an amulet of regeneration
 v - an amulet of faith
 w - an amulet of the acrobat
Wands
 y - a wand of digging (14)
Scrolls
 j - 6 scrolls of identify
 t - 5 scrolls of teleportation
Potions
 b - 4 potions of haste
 c - 6 potions of heal wounds
 e - 2 potions of resistance
 f - 2 potions of cancellation
 i - 2 potions of enlightenment
 n - 4 potions of might
 o - 8 potions of curing
 r - 5 potions of mutation

Dungeon Overview and Level Annotations

Branches:
Dungeon (14/15) Zot: 717   Temple (1/1) D:6            Lair (5/5) D:10
 Shoals (0/4) Lair:3       Spider (0/4) Lair:2        Slime (0/5) Lair:4
    Orc (0/2) D:10         Vaults (0/5) D:14          Sewer (visited)
Ossuary (visited)

Altars:
Ashenzari
Cheibriados
Dithmenos
Elyvilon
Fedhas
Gozag
Hepliaklqana
Kikubaaqudgha
Makhleb
Nemelex Xobeh
Okawaru
Qazlal
Ru
Sif Muna
Trog
Uskayaw
Vehumet
Wu Jian
Xom
Yredelemnul
Zin
The Shining One
Jiyva

Shops:
D:9 *   D:11 =

Portals:
Bazaar: D:14

Annotations:
D:6 4 runed translucent doors, Crazy Yiuf; qw's ghost, novice DEHu
D:10 2 runed translucent doors
Lair:2 2 transporters


Message History

288819 ||| Ran try_autoexplore: false;
288819 ||| Ran explore: false
288819 ||| Ran upgrade_armour: false;
288819 ||| Ran upgrade_amulet: false
288819 ||| Ran upgrade_rings: false;
288819 ||| Ran try_read_id: false
288819 ||| Ran quaff_id: false;
288819 ||| Ran use_id_scrolls: false
288819 ||| Ran drop_other_items: false
288819 ||| Ran full_inventory_panic: false
288819 ||| Ran pre_explore2: false Lua error: [string "/dgldir/rcfiles/crawl-bot-git/qwlua.rc"]:3910: Error in coroutine: [string "/dgldir/rcfiles/crawl-bot-git/qwlua.rc"]:1558: attempt to index local 'plan' (a nil value) Lua error: [string "/dgldir/rcfiles/crawl-bot-git/qwlua.rc"]:3910: Error in coroutine: cannot resume dead coroutine Lua error: [string "/dgldir/rcfiles/crawl-bot-git/qwlua.rc"]:3910: Error in coroutine: cannot resume dead coroutine Saving game... please wait.
Welcome back, qw the Minotaur Hexslinger.
Press ? for a list of commands and other information.
Options error: Missing colour in message_colour setting: 'then'
Enter note:
Enter note:
Enter note:
Enter note:
Enter note:
Enter note:
Enter note:
Enter note:
Enter note:
Enter note:
Enter note:
Enter note:
Enter note:
Enter note:
Enter note:
Enter note:
Enter note:
Enter note:
Enter note:
Enter note:
Enter note:
Enter note:
Enter note:
288819 ||| QUITTING!
Options error: Missing colour in message_colour setting: 'then' Are you sure you want to abandon this character and quit the game? (Confirm with "yes".)

#.# ##'## ##>## #. #.#
#########.# #...# #. #.#
#......##.# #.#.# ##.
#.# #.####.##.########
#...# #..
#.####.####.#.........#
###.# #..
#........##....######>#
#.# #.#
######.#.......#\#.##.#
#.# #.#
#.####.##.#8#.##.#####.#
#.# #.#
#.###.@#..........# #.#
#.####.# #..####.#######
#.# #......# #.#####.#
#.. ######## #.......#
### #########


There were no monsters in sight!

Vanquished Creatures
  Kirke (Lair:4)
  Nessos (Lair:3)
  Fannar (D:12)
  3 hydras
  3 vault guards (D:14)
  2 ogre magi (D:14)
  4 catoblepae (Lair:5)
  6 two-headed ogres
  4 boulder beetles
  17 death yaks (Lair:5)
  Sonja (Lair:4)
  A deep elf knight (D:14)
  Amaemon (D:10)
  A skyshark (Lair:3)
  4 lindwurms (Lair:4)
  4 harpies (Lair:3)
  A wizard (D:14)
  An orc knight (D:14)
  4 deep elf pyromancers
  4 ugly things (D:14)
  6 cyclopes
  5 manticores
  24 elephants
  Maurice (D:8)
  Joseph (D:10)
  6 black mambas
  2 torpor snails
  2 kobold demonologists
  Maggie (D:8)
  An orange demon (D:10)
  2 gargoyles
  A yaktaur (D:14)
  Psyche (D:8)
  16 cane toads
  2 unseen horrors
  5 komodo dragons
  4 rime drakes
  A freezing wraith (D:14)
  5 trolls
  2 polar bears
  A queen bee (D:11)
  28 blink frogs
  6 dream sheep (Lair:5)
  Prince Ribbit (D:8)
  17 slime creatures
  A centaur simulacrum (D:14)
  A culicivora (Lair:2)
  Sigmund (D:2)
  A shadow (D:12)
  51 yaks
  2 vampires
  6 hogs (Lair:4)
  6 wyverns
  A human (D:14)
  4 basilisks
  4 wraiths
  Grum (D:8)
  A steam dragon (D:9)
  Duvessa (D:5)
  3 acid dragons
  15 water moccasins
  2 sky beasts (D:6)
  2 ice beasts (D:7)
  5 orc warriors
  2 black bears
  5 ogres
  8 wolves
  4 centaurs
  A phantom (D:4)
  7 kobold brigands
  10 bullfrogs
  2 gnoll sergeants (D:9)
  4 scorpions
  7 wights (D:7)
  Dowan (D:4)
  28 killer bees
  A troll skeleton (D:9)
  5 spriggan skeletons (D:9)
  8 hounds
  3 gnoll boudas
  An orc priest (D:5)
  2 sleepcaps
  A jelly (D:6)
  2 iguanas
  7 orc wizards
  7 hell rats (Lair:2)
  8 mummies (Ossuary)
  23 gnolls
  13 adders
  2 river rats (Sewer)
  A shadow imp (D:6)
  A white imp (D:5)
  3 worms
  4 dart slugs
  41 orcs
  11 ball pythons
  6 endoplasms
  4 giant cockroaches
  8 goblins
  5 hobgoblins
  14 jackals
  4 quokkas
  7 bats
  2 frilled lizards
  A goblin zombie (D:6)
  4 hobgoblin zombies (Ossuary)
  30 kobolds
  3 kobold zombies (Ossuary)
  An orc zombie (Ossuary)
  4 rats
  A rat zombie (D:6)
  A fire vortex (Lair:1)
631 creatures vanquished.

Vanquished Creatures (others)
  A fire vortex (Lair:1)
1 creature vanquished.

Grand Total: 632 creatures vanquished

Notes
Turn   | Place    | Note
-------+----------+-------------------------------------------
     0 | D:1      | qw the Minotaur Hexslinger began the quest for the Orb.
     0 | D:1      | Reached XP level 1. HP: 16/16 MP: 1/1
     0 | D:1      | 0 ||| qw: Version: 0.3-a-35-g05ef00e
     0 | D:1      | 0 ||| qw: Game counter: 7727
     0 | D:1      | 0 ||| qw: Melee chars always use a shield: true
     0 | D:1      | 0 ||| qw: God list: Okawaru
     0 | D:1      | 0 ||| qw: Allow faded altars: false
     0 | D:1      | 0 ||| qw: Do Orc after clearing Dungeon:15 true
     0 | D:1      | 0 ||| qw: Do second Lair branch before Depths: true
     0 | D:1      | 0 ||| qw: Lair rune preference: random
     0 | D:1      | 0 ||| qw: Goals: Normal
     0 | D:1      | 0 ||| PLANNING D:1-11
   167 | D:1      | Reached skill level 3 in Ranged Weapons
   167 | D:1      | Reached XP level 2. HP: 23/23 MP: 2/2
   687 | D:1      | Reached XP level 3. HP: 25/29 MP: 3/3
   835 | D:1      | 835 ||| UPGRADING to +0 leather armour.
   845 | D:1      | 845 ||| DROPPING +0 robe.
   846 | D:1      | 846 ||| UPGRADING to +6 ring of dexterity.
   847 | D:1      | 847 ||| READING scroll labelled ETEHI GAW KUIL.
   848 | D:1      | 848 ||| DROPPING scroll of poison.
   956 | D:2      | Noticed Sigmund
   961 | D:2      | Killed Sigmund
   962 | D:2      | Reached skill level 6 in Ranged Weapons
   962 | D:2      | Reached XP level 4. HP: 27/36 MP: 4/4
   962 | D:2      | Reached XP level 5. HP: 31/41 MP: 5/5
  1529 | D:2      | Reached skill level 3 in Fighting
  1597 | D:2      | Found a faded altar of an unknown god.
  1724 | D:2      | 1724 ||| UPGRADING to ring of protection from cold.
  1725 | D:2      | 1725 ||| READING scroll labelled ECYESAJATUGHI.
  1730 | D:2      | 1730 ||| READING scroll labelled LOAN GIXTAH.
  2077 | D:3      | Identified the +5 shortbow of Qastrizaen {freeze, rElec
                  | rCorr}
  2079 | D:3      | 2079 ||| SWAPPING to +5 shortbow of Qastrizaen {freeze,
                  | rElec rCorr}.
  2080 | D:3      | 2080 ||| DROPPING +1 sling.
  2335 | D:3      | Reached XP level 6. HP: 52/52 MP: 6/6
  2746 | D:3      | 2746 ||| UPGRADING to +0 ring mail.
  2756 | D:3      | 2756 ||| DROPPING +0 leather armour.
  2757 | D:3      | 2757 ||| READING 2 scrolls labelled NEHOUW FASHYDO.
  2758 | D:3      | 2758 ||| READING scroll labelled HUODDO ENATUTU.
  2759 | D:3      | 2759 ||| READING scroll labelled VEAJIANEROUR.
  2760 | D:3      | 2760 ||| DRINKING 2 brown potions.
  2761 | D:3      | 2761 ||| DRINKING 2 sapphire potions.
  2762 | D:3      | 2762 ||| DROPPING potion of attraction.
  2829 | D:4      | Found a shadowy altar of Dithmenos.
  2917 | D:4      | Reached skill level 7 in Ranged Weapons
  2960 | D:4      | Reached skill level 3 in Dodging
  2960 | D:4      | Reached XP level 7. HP: 50/59 MP: 7/7
  3301 | D:4      | 3301 ||| READING scroll labelled USMAM LIHOISAS.
  3398 | D:4      | 3398 ||| DRINKING 4 glowing blue potions.
  3399 | D:4      | 3399 ||| DRINKING 2 fuming dark potions.
  3400 | D:4      | 3400 ||| DRINKING 2 lumpy ruby potions.
  3504 | D:4      | 3504 ||| DROPPING potion of berserk rage.
  3528 | D:5      | Entered Level 5 of the Dungeon
  3529 | D:5      | 3529 ||| PLANNING SEWER
  3533 | D:5      | 3533 ||| STAIRDANCE
  3533 | D:5      | Noticed Duvessa
  3541 | D:4      | Reached skill level 8 in Ranged Weapons
  3638 | D:5      | Noticed Dowan
  3644 | D:5      | 3644 ||| STAIRDANCE
  3716 | D:5      | 3716 ||| STAIRDANCE
  3765 | D:5      | 3765 ||| STAIRDANCE
  3863 | D:5      | Killed Duvessa
  3867 | D:5      | 3867 ||| STAIRDANCE
  3871 | D:4      | Killed Dowan
  3962 | D:5      | 3962 ||| STAIRDANCE
  3964 | D:4      | 3964 ||| DRINKING potion of curing.
  3964 | D:4      | 3964 ||| (to cure confusion)
  3975 | D:4      | 3975 ||| Stepping randomly (disturbance).
  3979 | D:4      | Reached XP level 8. HP: 68/69 MP: 8/8
  4031 | D:5      | Reached skill level 9 in Ranged Weapons
  4140 | D:5      | Found a glowing drain.
  4141 | D:5      | 4141 ||| READING scroll labelled FECZAE UGIDIOH.
  4142 | D:5      | 4142 ||| READING 2 scrolls of identify.
  4142 | D:5      | 4142 ||| IDENTIFYING fuming purple potion
  4159 | Sewer    | Entered a sewer
  4164 | Sewer    | Reached skill level 6 in Fighting
  4167 | Sewer    | 4167 ||| Stepping ~*~*~tactically~*~*~ (water).
  4173 | Sewer    | 4173 ||| Stepping ~*~*~tactically~*~*~ (water).
  4362 | Sewer    | 4362 ||| Stepping ~*~*~tactically~*~*~ (water).
  4366 | Sewer    | 4366 ||| Stepping ~*~*~tactically~*~*~ (water).
  4394 | Sewer    | 4394 ||| Stepping ~*~*~tactically~*~*~ (water).
  4398 | Sewer    | 4398 ||| Stepping ~*~*~tactically~*~*~ (water).
  4404 | Sewer    | 4404 ||| Stepping ~*~*~tactically~*~*~ (water).
  4473 | Sewer    | 4473 ||| READING scroll labelled YBREZX FETTAGO.
  4474 | Sewer    | 4474 ||| READING scroll labelled IXTIGI PIDE.
  4475 | Sewer    | 4475 ||| READING scroll labelled NAXA WOYTS.
  4476 | Sewer    | 4476 ||| DRINKING 2 amethyst potions.
  4477 | Sewer    | 4477 ||| DROPPING potion of magic.
  4489 | D:5      | 4489 ||| PLANNING D:1-11
  4794 | D:5      | Reached skill level 10 in Ranged Weapons
  4796 | D:5      | Found a radiant altar of Vehumet.
  4797 | D:5      | 4797 ||| FLEEEEING.
  4798 | D:5      | 4798 ||| FLEEEEING.
  4799 | D:5      | 4799 ||| FLEEEEING.
  4800 | D:5      | 4800 ||| FLEEEEING.
  4898 | D:6      | 4898 ||| PLANNING OSSUARY
  4928 | D:6      | Noticed a kobold demonologist
  4929 | D:6      | Noticed qw's ghost (novice DEHu)
  4950 | D:6      | 4950 ||| FLEEEEING.
  4951 | D:6      | 4951 ||| FLEEEEING.
  4952 | D:6      | 4952 ||| FLEEEEING.
  4953 | D:6      | 4953 ||| FLEEEEING.
  4954 | D:6      | 4954 ||| FLEEEEING.
  4954 | D:6      | Found a runed translucent gate.
  4954 | D:6      | Found a runed translucent gate.
  4954 | D:6      | Found a runed translucent gate.
  4955 | D:6      | 4955 ||| FLEEEEING.
  5121 | D:6      | Found a sand-covered staircase.
  5122 | D:6      | 5122 ||| DRINKING 2 coppery potions.
  5133 | Ossuary  | Entered an ossuary
  5188 | Ossuary  | Reached XP level 9. HP: 79/79 MP: 9/9
  5302 | Ossuary  | 5302 ||| DRINKING 2 viscous yellow potions.
  5303 | Ossuary  | 5303 ||| DRINKING 4 grey potions.
  5304 | Ossuary  | 5304 ||| DRINKING 3 viscous dark potions.
  5304 | Ossuary  | Gained mutation: You are partially covered in iridescent
                  | scales. (AC +2) [potion of mutation]
  5304 | Ossuary  | Gained mutation: Your spells are a little easier to cast,
                  | but a little less powerful. [potion of mutation]
  5304 | Ossuary  | Gained mutation: You are mostly covered in iridescent
                  | scales. (AC +4) [potion of mutation]
  5305 | Ossuary  | 5305 ||| READING 2 scrolls of identify.
  5305 | Ossuary  | 5305 ||| IDENTIFYING sedimented pink potion
  5306 | Ossuary  | 5306 ||| DROPPING potion of degeneration.
  5326 | D:6      | 5326 ||| PLANNING D:1-11
  5627 | D:6      | Found a staircase to the Ecumenical Temple.
  5628 | D:6      | 5628 ||| PLANNING TEMPLE
  5628 | D:6      | 5628 ||| READING 2 scrolls of identify.
  5628 | D:6      | 5628 ||| IDENTIFYING glowing golden potion
  5629 | D:6      | 5629 ||| DROPPING potion of invisibility.
  5635 | Temple   | Entered the Ecumenical Temple
  5636 | Temple   | 5636 ||| PLANNING OKAWARU WORSHIP
  5728 | Temple   | Became a worshipper of Warmaster Okawaru
  5729 | Temple   | 5729 ||| PLANNING D:1-11
  5729 | Temple   | 5729 ||| DROPPING amulet of guardian spirit.
  5775 | D:6      | Found a runed translucent door.
  5776 | D:6      | Noticed Crazy Yiuf
  5844 | D:6      | Reached skill level 11 in Ranged Weapons
  5961 | D:7      | 5961 ||| Stepping ~*~*~tactically~*~*~ (outnumbered).
  5976 | D:7      | HP: 17/79 [orc/+0 club (4)]
  5977 | D:7      | 5977 ||| DRINKING 6 potions of heal wounds.
  6153 | D:7      | You fall into a shaft and drop 1 floor!
  6395 | D:8      | Reached * piety under Okawaru
  6404 | D:8      | Reached skill level 12 in Ranged Weapons
  6404 | D:8      | Reached skill level 1 in Invocations
  6408 | D:8      | 6408 ||| INVOKING Heroism.
  6426 | D:8      | Reached skill level 3 in Invocations
  6679 | D:8      | 6679 ||| READING scroll labelled BOXZUTU ENAS.
  6679 | D:8      | Identified a scroll of acquirement
  6679 | D:8      | 6679 ||| ACQUIRING ring "Onnynninu" {rPois rN+ Dex+9
                  | Stlth+}
  6679 | D:8      | Acquired the ring "Onnynninu" {rPois rN+ Dex+9 Stlth+}
  6681 | D:8      | 6681 ||| UPGRADING to ring "Onnynninu" {rPois rN+ Dex+9
                  | Stlth+}.
  6683 | D:8      | 6683 ||| UPGRADING to +6 ring of dexterity.
  6685 | D:8      | 6685 ||| DROPPING ring of protection from cold.
  6689 | D:8      | Noticed Grum
  6690 | D:8      | 6690 ||| INVOKING Heroism.
  6697 | D:8      | Reached XP level 10. HP: 52/88 MP: 8/12
  6705 | D:8      | Killed Grum
  6922 | D:7      | Reached ** piety under Okawaru
  6923 | D:7      | Reached skill level 6 in Dodging
  7004 | D:7      | 7004 ||| INVOKING Heroism.
  7162 | D:7      | Found a burning altar of Makhleb.
  7180 | D:7      | Reached skill level 3 in Armour
  7196 | D:7      | Identified the ring of Geys Yru {MP+9 Str+2}
  7201 | D:7      | Found an ornate altar of the Wu Jian Council.
  7276 | D:7      | Found a bloodstained altar of Trog.
  7276 | D:7      | Found an opulent altar of Gozag.
  7277 | D:7      | Found a shimmering altar of Xom.
  7458 | D:7      | 7458 ||| UPGRADING to +0 troll leather armour.
  7468 | D:7      | 7468 ||| DROPPING +0 ring mail.
  7469 | D:7      | 7469 ||| DROPPING ring of Geys Yru {MP+9 Str+2}.
  7470 | D:7      | 7470 ||| READING scroll labelled EMPUJO LARE.
  7617 | D:8      | Noticed Prince Ribbit
  7619 | D:8      | Killed Prince Ribbit
  7642 | D:8      | Found a white marble altar of Elyvilon.
  7682 | D:8      | Noticed Maurice
  7693 | D:8      | Killed Maurice
  7698 | D:8      | Noticed Maggie
  7706 | D:8      | Killed Maggie
  7913 | D:8      | Noticed Psyche
  7914 | D:8      | 7914 ||| INVOKING Heroism.
  7919 | D:8      | Killed Psyche
  7968 | D:8      | Reached *** piety under Okawaru
  8034 | D:9      | 8034 ||| STAIRDANCE
  8036 | D:8      | 8036 ||| DRINKING 6 potions of curing.
  8036 | D:8      | 8036 ||| (to cure confusion)
  8038 | D:9      | Noticed a two-headed ogre
  8039 | D:9      | 8039 ||| STAIRDANCE
  8041 | D:8      | 8041 ||| INVOKING Heroism.
  8050 | D:8      | Killed a two-headed ogre
  8051 | D:8      | Reached skill level 13 in Ranged Weapons
  8152 | D:9      | 8152 ||| INVOKING Heroism.
  8188 | D:9      | Reached skill level 9 in Dodging
  8202 | D:9      | 8202 ||| INVOKING Heroism.
  8208 | D:9      | 8208 ||| Stepping ~*~*~tactically~*~*~ (cloud).
  8236 | D:9      | 8236 ||| Stepping ~*~*~tactically~*~*~ (outnumbered).
  8265 | D:9      | Found Ticinos's General Store.
  8275 | D:9      | 8275 ||| BUYING +2 heavy longbow (331 gold).
  8275 | D:9      | Bought a +2 heavy longbow for 331 gold pieces
  8275 | D:9      | 8275 ||| BUYING scroll of teleportation (42 gold).
  8275 | D:9      | Bought a scroll of teleportation for 42 gold pieces
  8275 | D:9      | 8275 ||| BUYING scroll of teleportation (42 gold).
  8275 | D:9      | Bought a scroll of teleportation for 42 gold pieces
  8275 | D:9      | 8275 ||| SWAPPING to +2 heavy longbow.
  8276 | D:9      | 8276 ||| DROPPING +0 orcbow.
  8277 | D:9      | 8277 ||| DROPPING +5 shortbow of Qastrizaen {freeze, rElec
                  | rCorr}.
  8296 | D:9      | Reached XP level 11. HP: 91/95 MP: 13/13
  8381 | D:9      | Reached skill level 9 in Fighting
  8512 | D:9      | 8512 ||| Stepping randomly (disturbance).
  8514 | D:9      | Reached **** piety under Okawaru
  8605 | D:9      | Found a sacrificial altar of Ru.
  8658 | D:9      | 8658 ||| Stepping ~*~*~tactically~*~*~ (outnumbered).
  8659 | D:9      | 8659 ||| Stepping ~*~*~tactically~*~*~ (outnumbered).
  8661 | D:9      | 8661 ||| Stepping ~*~*~tactically~*~*~ (outnumbered).
  8669 | D:9      | 8669 ||| INVOKING Heroism.
  8670 | D:9      | 8670 ||| Stepping ~*~*~tactically~*~*~ (outnumbered).
  8675 | D:9      | 8675 ||| Stepping ~*~*~tactically~*~*~ (outnumbered).
  8677 | D:9      | 8677 ||| Stepping ~*~*~tactically~*~*~ (outnumbered).
  8742 | D:9      | 8742 ||| INVOKING Heroism.
  8830 | D:9      | Identified the +0 scale mail of Baleful the Good {rF- Will+
                  | rCorr Str+4}
  8838 | D:9      | 8838 ||| DROPPING ring of wizardry.
  8839 | D:9      | 8839 ||| READING scroll labelled WIHAOR ACKIU.
  8840 | D:9      | 8840 ||| DRINKING 2 golden potions.
  8873 | D:9      | 8873 ||| DROPPING potion of lignification.
  8899 | D:10     | Entered Level 10 of the Dungeon
  8945 | D:10     | Found a hazy altar of Hepliaklqana.
  8957 | D:10     | Found a staircase to the Orcish Mines.
  9004 | D:10     | Noticed Joseph
  9006 | D:10     | Killed Joseph
  9007 | D:10     | Reached skill level 14 in Ranged Weapons
  9007 | D:10     | 9007 ||| INVOKING Heroism.
  9111 | D:10     | Noticed Amaemon
  9112 | D:10     | 9112 ||| INVOKING Heroism.
  9120 | D:10     | Killed Amaemon
  9253 | D:10     | Found a staircase to the Lair.
  9254 | D:10     | 9254 ||| INVOKING Heroism.
  9462 | D:10     | 9462 ||| Stepping ~*~*~tactically~*~*~ (outnumbered).
  9550 | D:10     | Found a large runed translucent door.
  9551 | D:10     | Found a large runed translucent door.
  9552 | D:10     | Noticed a cyan ugly thing
  9552 | D:10     | Noticed a brown ugly thing
  9553 | D:10     | Found a shimmering altar of Xom.
  9707 | D:10     | Identified the +7 dagger "Beetlebane" {chaos, Str-5 SInv
                  | Stlth+}
  9816 | D:10     | 9816 ||| PLANNING LAIR
  9816 | D:10     | 9816 ||| READING 2 scrolls of identify.
  9816 | D:10     | 9816 ||| IDENTIFYING ruby potion
  9817 | D:10     | 9817 ||| DROPPING potion of ambrosia.
  9857 | Lair:1   | Entered Level 1 of the Lair of Beasts
  9858 | Lair:1   | 9858 ||| INVOKING Heroism.
 10072 | Lair:1   | 10072 ||| INVOKING Heroism.
 10090 | Lair:1   | 10090 ||| INVOKING Heroism.
 10092 | Lair:1   | Reached skill level 6 in Invocations
 10144 | Lair:1   | 10144 ||| INVOKING Heroism.
 10213 | Lair:1   | 10213 ||| INVOKING Heroism.
 10260 | Lair:1   | 10260 ||| INVOKING Heroism.
 10501 | Lair:2   | Reached XP level 12. HP: 106/106 MP: 16/16
 10549 | Lair:2   | Identified the +7 trident "Wile" {spect, rC++}
 10560 | Lair:2   | 10560 ||| INVOKING Heroism.
 10593 | Lair:2   | 10593 ||| INVOKING Heroism.
 10596 | Lair:2   | Reached skill level 15 in Ranged Weapons
 10625 | Lair:2   | 10625 ||| DROPPING ring of positive energy.
 10653 | Lair:2   | Found a transporter.
 10680 | Lair:2   | 10680 ||| INVOKING Heroism.
 10719 | Lair:2   | Found a transporter.
 10802 | Lair:2   | 10802 ||| INVOKING Heroism.
 10886 | Lair:2   | 10886 ||| INVOKING Heroism.
 11046 | Lair:2   | Found a hole to the Spider Nest.
 11172 | Lair:2   | 11172 ||| INVOKING Heroism.
 11445 | Lair:3   | 11445 ||| STAIRDANCE
 11447 | Lair:2   | 11447 ||| INVOKING Heroism.
 11449 | Lair:2   | Reached skill level 16 in Ranged Weapons
 11457 | Lair:2   | Reached skill level 9 in Invocations
 11503 | Lair:3   | 11503 ||| STAIRDANCE
 11507 | Lair:2   | 11507 ||| INVOKING Heroism.
 11582 | Lair:3   | Reached ***** piety under Okawaru
 11599 | Lair:3   | 11599 ||| INVOKING Heroism.
 11670 | Lair:3   | Found a staircase to the Shoals.
 11678 | Lair:3   | Reached XP level 13. HP: 112/114 MP: 19/19
 11692 | Lair:3   | Noticed Nessos
 11693 | Lair:3   | 11693 ||| INVOKING Finesse.
 11696 | Lair:3   | Killed Nessos
 11748 | Lair:3   | 11748 ||| INVOKING Heroism.
 11918 | Lair:3   | 11918 ||| Stepping ~*~*~tactically~*~*~ (water).
 11926 | Lair:3   | 11926 ||| Stepping ~*~*~tactically~*~*~ (water).
 12047 | Lair:3   | Identified the +0 pair of boots of the Shoals {Int+3}
                  | (Okawaru gifted it to you on level 3 of the Lair of Beasts)
 12047 | Lair:3   | Received a gift from Okawaru
 12396 | Lair:3   | 12396 ||| DROPPING amulet of magic regeneration.
 12438 | Lair:4   | Found a viscous altar of Jiyva.
 12438 | Lair:4   | Found a staircase to the Slime Pits.
 12439 | Lair:4   | 12439 ||| INVOKING Heroism.
 12485 | Lair:4   | 12485 ||| INVOKING Heroism.
 12489 | Lair:4   | Reached skill level 17 in Ranged Weapons
 12615 | Lair:4   | Reached skill level 12 in Dodging
 12783 | Lair:4   | 12783 ||| INVOKING Heroism.
 12815 | Lair:4   | Noticed Kirke
 12816 | Lair:4   | 12816 ||| INVOKING Finesse.
 12828 | Lair:4   | 12828 ||| FLEEEEING.
 12829 | Lair:4   | 12829 ||| FLEEEEING.
 12830 | Lair:4   | 12830 ||| FLEEEEING.
 12831 | Lair:4   | 12831 ||| FLEEEEING.
 12832 | Lair:4   | 12832 ||| FLEEEEING.
 12833 | Lair:4   | 12833 ||| FLEEEEING.
 12834 | Lair:4   | 12834 ||| FLEEEEING.
 12835 | Lair:4   | 12835 ||| FLEEEEING.
 12836 | Lair:4   | 12836 ||| FLEEEEING.
 12837 | Lair:4   | 12837 ||| FLEEEEING.
 12839 | Lair:4   | 12839 ||| FLEEEEING.
 12840 | Lair:4   | 12840 ||| FLEEEEING.
 12841 | Lair:4   | 12841 ||| FLEEEEING.
 12842 | Lair:4   | 12842 ||| FLEEEEING.
 12843 | Lair:4   | 12843 ||| FLEEEEING.
 12844 | Lair:4   | 12844 ||| STAIRDANCE
 12958 | Lair:4   | 12958 ||| INVOKING Heroism.
 12959 | Lair:4   | 12959 ||| INVOKING Finesse.
 12965 | Lair:4   | Killed Kirke
 13101 | Lair:4   | Noticed Sonja
 13108 | Lair:4   | Killed Sonja
 13353 | Lair:4   | 13353 ||| INVOKING Heroism.
 13356 | Lair:4   | Reached skill level 18 in Ranged Weapons
 13446 | Lair:5   | Entered Level 5 of the Lair of Beasts
 13453 | Lair:5   | Identified the +0 leather armour of the Endless Expanse
                  | {Int+5 Dex-2}
 13490 | Lair:5   | Reached skill level 12 in Fighting
 13519 | Lair:5   | 13519 ||| INVOKING Heroism.
 13557 | Lair:5   | 13557 ||| INVOKING Heroism.
 13558 | Lair:5   | 13558 ||| INVOKING Finesse.
 13580 | Lair:5   | Reached XP level 14. HP: 126/126 MP: 14/20
 13636 | Lair:5   | 13636 ||| INVOKING Heroism.
 13645 | Lair:5   | 13645 ||| INVOKING Finesse.
 13647 | Lair:5   | 13647 ||| Stepping ~*~*~tactically~*~*~ (cloud).
 13670 | Lair:5   | 13670 ||| INVOKING Heroism.
 13730 | Lair:5   | 13730 ||| INVOKING Heroism.
 13748 | Lair:5   | Reached skill level 19 in Ranged Weapons
 13784 | Lair:5   | 13784 ||| Stepping ~*~*~tactically~*~*~ (cloud).
 13788 | Lair:5   | 13788 ||| INVOKING Heroism.
 13790 | Lair:5   | 13790 ||| Stepping ~*~*~tactically~*~*~ (cloud).
 13795 | Lair:5   | 13795 ||| Stepping ~*~*~tactically~*~*~ (cloud).
 13796 | Lair:5   | 13796 ||| Stepping ~*~*~tactically~*~*~ (cloud).
 13798 | Lair:5   | 13798 ||| Stepping ~*~*~tactically~*~*~ (cloud).
 13903 | Lair:5   | 13903 ||| INVOKING Heroism.
 13915 | Lair:5   | 13915 ||| INVOKING Finesse.
 14027 | Lair:5   | 14027 ||| Stepping ~*~*~tactically~*~*~ (cloud).
 14030 | Lair:5   | 14030 ||| INVOKING Heroism.
 14031 | Lair:5   | 14031 ||| Stepping ~*~*~tactically~*~*~ (cloud).
 14036 | Lair:5   | 14036 ||| INVOKING Finesse.
 14092 | Lair:5   | 14092 ||| INVOKING Finesse.
 14107 | Lair:5   | 14107 ||| INVOKING Heroism.
 14277 | Lair:5   | 14277 ||| INVOKING Heroism.
 14416 | Lair:5   | Reached skill level 20 in Ranged Weapons
 14641 | Lair:5   | 14641 ||| PLANNING D:1-11
 14641 | Lair:5   | 14641 ||| DROPPING +0 leather armour of the Endless Expanse
                  | {Int+5 Dex-2}.
 14642 | Lair:5   | 14642 ||| DROPPING ring of protection from fire.
 14643 | Lair:5   | 14643 ||| DROPPING ring of magical power.
 14644 | Lair:5   | 14644 ||| READING 3 scrolls labelled KYGALO VUOL.
 14645 | Lair:5   | 14645 ||| DROPPING 2 scrolls of vulnerability.
 14837 | D:11     | 14837 ||| INVOKING Heroism.
 14912 | D:11     | 14912 ||| INVOKING Heroism.
 14913 | D:11     | 14913 ||| INVOKING Finesse.
 15043 | D:11     | Found Heicosm's Jewellery Shop.
 15050 | D:11     | 15050 ||| BUYING amulet "Coyckuy" {*Corrode rPois Regen+
                  | Int+4} (440 gold).
 15050 | D:11     | Bought the amulet "Coyckuy" {*Corrode rPois Regen+ Int+4}
                  | for 440 gold pieces
 15050 | D:11     | 15050 ||| BUYING amulet of faith (400 gold).
 15050 | D:11     | Bought an amulet of faith for 400 gold pieces
 15467 | D:11     | 15467 ||| Stepping randomly (disturbance).
 15535 | D:11     | 15535 ||| PLANNING D
 15581 | D:12     | Reached XP level 15. HP: 135/135 MP: 21/21
 15628 | D:12     | Received a gift from Okawaru
 15764 | D:12     | Noticed Fannar
 15770 | D:12     | Killed Fannar
 15838 | D:12     | Identified the +12 halberd "Cafiosm" {antimagic, *Slow
                  | +Blink rF+}
 15966 | D:13     | 15966 ||| DRINKING 3 potions of cancellation.
 16146 | D:13     | Identified the ring "Urih Lonn" {MP+9 Str+6}
 16495 | D:13     | 16495 ||| DROPPING ring "Urih Lonn" {MP+9 Str+6}.
 16832 | D:14     | Reached skill level 15 in Dodging
 16852 | D:14     | 16852 ||| FLEEEEING.
 16857 | D:14     | 16857 ||| INVOKING Heroism.
 17041 | D:14     | 17041 ||| INVOKING Heroism.
 17045 | D:14     | Reached skill level 15 in Fighting
 17049 | D:14     | Identified the +1 swamp dragon scales of Distant Shores
                  | {rPois Will+ Slay+3 SInv} (Okawaru gifted it to you on
                  | level 14 of the Dungeon)
 17049 | D:14     | Received a gift from Okawaru
 17063 | D:14     | Found a gate to the Vaults.
 17287 | D:14     | Found a gateway to a bazaar.
 17288 | D:14     | 17288 ||| PLANNING BAZAAR
 17458 | D:14     | 17458 ||| UPGRADING to +1 swamp dragon scales of Distant
                  | Shores {rPois Will+ Slay+3 SInv}.
 17468 | D:14     | 17468 ||| DROPPING +0 troll leather armour.
 42523 | D:13     | Glimpsed the power of Zot.
 43023 | D:13     | Glimpsed the power of Zot.
 43423 | D:13     | Glimpsed the power of Zot.
 43523 | D:13     | Touched by the power of Zot (MHP 141 -> 115)
 43524 | D:13     | Glimpsed the power of Zot.
 44024 | D:13     | Glimpsed the power of Zot.
 44424 | D:13     | Glimpsed the power of Zot.
 44523 | D:13     | Touched by the power of Zot (MHP 113 -> 92)
 44524 | D:13     | Glimpsed the power of Zot.
 45024 | D:13     | Glimpsed the power of Zot.
 45424 | D:13     | Glimpsed the power of Zot.
 45523 | D:13     | Touched by the power of Zot (MHP 90 -> 72)
 45524 | D:13     | Glimpsed the power of Zot.
 46024 | D:13     | Glimpsed the power of Zot.
 46424 | D:13     | Glimpsed the power of Zot.
 46523 | D:13     | Touched by the power of Zot (MHP 70 -> 56)
 46524 | D:13     | Glimpsed the power of Zot.
 47024 | D:13     | Glimpsed the power of Zot.
 47424 | D:13     | Glimpsed the power of Zot.
 47523 | D:13     | Touched by the power of Zot (MHP 55 -> 43)
 47524 | D:13     | Glimpsed the power of Zot.
 48024 | D:13     | Glimpsed the power of Zot.
 48424 | D:13     | Glimpsed the power of Zot.
 48523 | D:13     | Touched by the power of Zot (MHP 41 -> 32)
 48524 | D:13     | Glimpsed the power of Zot.
 49024 | D:13     | Glimpsed the power of Zot.
 49424 | D:13     | Glimpsed the power of Zot.
 49523 | D:13     | Touched by the power of Zot (MHP 31 -> 23)
 49524 | D:13     | Glimpsed the power of Zot.
 50024 | D:13     | Glimpsed the power of Zot.
 50424 | D:13     | Glimpsed the power of Zot.
 50523 | D:13     | Touched by the power of Zot (MHP 23 -> 17)
 50524 | D:13     | Glimpsed the power of Zot.
 51024 | D:13     | Glimpsed the power of Zot.
 51424 | D:13     | Glimpsed the power of Zot.
 51523 | D:13     | Touched by the power of Zot (MHP 16 -> 11)
 51524 | D:13     | Glimpsed the power of Zot.
 52024 | D:13     | Glimpsed the power of Zot.
 52424 | D:13     | Glimpsed the power of Zot.
 52523 | D:13     | Touched by the power of Zot (MHP 11 -> 7)
 52524 | D:13     | Glimpsed the power of Zot.
 53024 | D:13     | Glimpsed the power of Zot.
 53424 | D:13     | Glimpsed the power of Zot.
 53523 | D:13     | Touched by the power of Zot (MHP 6 -> 2)
 53524 | D:13     | Glimpsed the power of Zot.
 54024 | D:13     | Glimpsed the power of Zot.
 54424 | D:13     | Glimpsed the power of Zot.
 54523 | D:13     | Touched by the power of Zot (MHP 2 -> 1)
 54524 | D:13     | Glimpsed the power of Zot.
 55024 | D:13     | Glimpsed the power of Zot.
 55424 | D:13     | Glimpsed the power of Zot.
 55523 | D:13     | Touched by the power of Zot (MHP 1 -> 1)
 55524 | D:13     | Glimpsed the power of Zot.
 56024 | D:13     | Glimpsed the power of Zot.
 56424 | D:13     | Glimpsed the power of Zot.
 56523 | D:13     | Touched by the power of Zot (MHP 1 -> 1)
 56524 | D:13     | Glimpsed the power of Zot.
 57024 | D:13     | Glimpsed the power of Zot.
 57424 | D:13     | Glimpsed the power of Zot.
 57523 | D:13     | Touched by the power of Zot (MHP 1 -> 1)
 57524 | D:13     | Glimpsed the power of Zot.
 58024 | D:13     | Glimpsed the power of Zot.
 58424 | D:13     | Glimpsed the power of Zot.
 58523 | D:13     | Touched by the power of Zot (MHP 1 -> 1)
 58524 | D:13     | Glimpsed the power of Zot.
 59024 | D:13     | Glimpsed the power of Zot.
 59424 | D:13     | Glimpsed the power of Zot.
 59523 | D:13     | Touched by the power of Zot (MHP 1 -> 1)
 59524 | D:13     | Glimpsed the power of Zot.
 60024 | D:13     | Glimpsed the power of Zot.
 60424 | D:13     | Glimpsed the power of Zot.
 60523 | D:13     | Touched by the power of Zot (MHP 1 -> 1)
 60524 | D:13     | Glimpsed the power of Zot.
 61024 | D:13     | Glimpsed the power of Zot.
 61424 | D:13     | Glimpsed the power of Zot.
 61523 | D:13     | Touched by the power of Zot (MHP 1 -> 1)
 61524 | D:13     | Glimpsed the power of Zot.
 62024 | D:13     | Glimpsed the power of Zot.
 62424 | D:13     | Glimpsed the power of Zot.
 62523 | D:13     | Touched by the power of Zot (MHP 1 -> 1)
 62524 | D:13     | Glimpsed the power of Zot.
 63024 | D:13     | Glimpsed the power of Zot.
 63424 | D:13     | Glimpsed the power of Zot.
 63523 | D:13     | Touched by the power of Zot (MHP 1 -> 1)
 63524 | D:13     | Glimpsed the power of Zot.
 64024 | D:13     | Glimpsed the power of Zot.
 64424 | D:13     | Glimpsed the power of Zot.
 64523 | D:13     | Touched by the power of Zot (MHP 1 -> 1)
 64524 | D:13     | Glimpsed the power of Zot.
 65024 | D:13     | Glimpsed the power of Zot.
 65424 | D:13     | Glimpsed the power of Zot.
 65523 | D:13     | Touched by the power of Zot (MHP 1 -> 1)
 65524 | D:13     | Glimpsed the power of Zot.
 66024 | D:13     | Glimpsed the power of Zot.
 66424 | D:13     | Glimpsed the power of Zot.
 66523 | D:13     | Touched by the power of Zot (MHP 1 -> 1)
 66524 | D:13     | Glimpsed the power of Zot.
 67024 | D:13     | Glimpsed the power of Zot.
 67424 | D:13     | Glimpsed the power of Zot.
 67523 | D:13     | Touched by the power of Zot (MHP 1 -> 1)
 67524 | D:13     | Glimpsed the power of Zot.
 68024 | D:13     | Glimpsed the power of Zot.
 68424 | D:13     | Glimpsed the power of Zot.
 68523 | D:13     | Touched by the power of Zot (MHP 1 -> 1)
 68524 | D:13     | Glimpsed the power of Zot.
 69024 | D:13     | Glimpsed the power of Zot.
 69424 | D:13     | Glimpsed the power of Zot.
 69523 | D:13     | Touched by the power of Zot (MHP 1 -> 1)
 69524 | D:13     | Glimpsed the power of Zot.
 70024 | D:13     | Glimpsed the power of Zot.
 70424 | D:13     | Glimpsed the power of Zot.
 70523 | D:13     | Touched by the power of Zot (MHP 1 -> 1)
 70524 | D:13     | Glimpsed the power of Zot.
 71024 | D:13     | Glimpsed the power of Zot.
 71424 | D:13     | Glimpsed the power of Zot.
 71441 | D:13     | Fell from the grace of Okawaru
 71496 | D:13     | 71496 ||| QUITTING!
 71523 | D:14     | 71523 ||| QUITTING!
 71523 | D:14     | 71523 ||| QUITTING!
 71523 | D:14     | Touched by the power of Zot (MHP 1 -> 1)
 71524 | D:13     | Glimpsed the power of Zot.
 71525 | D:13     | 71525 ||| QUITTING!
 72023 | D:13     | Glimpsed the power of Zot.
 72423 | D:13     | Glimpsed the power of Zot.
 72523 | D:13     | Touched by the power of Zot (MHP 1 -> 1)
 72524 | D:13     | Glimpsed the power of Zot.
 73024 | D:13     | Glimpsed the power of Zot.
 73424 | D:13     | Glimpsed the power of Zot.
 73523 | D:13     | Touched by the power of Zot (MHP 1 -> 1)
 73524 | D:13     | Glimpsed the power of Zot.
 74024 | D:13     | Glimpsed the power of Zot.
 74424 | D:13     | Glimpsed the power of Zot.
 74523 | D:13     | Touched by the power of Zot (MHP 1 -> 1)
 74524 | D:13     | Glimpsed the power of Zot.
 75024 | D:13     | Glimpsed the power of Zot.
 75424 | D:13     | Glimpsed the power of Zot.
 75523 | D:13     | Touched by the power of Zot (MHP 1 -> 1)
 75524 | D:13     | Glimpsed the power of Zot.
 76024 | D:13     | Glimpsed the power of Zot.
 76424 | D:13     | Glimpsed the power of Zot.
 76523 | D:13     | Touched by the power of Zot (MHP 1 -> 1)
 76524 | D:13     | Glimpsed the power of Zot.
 77024 | D:13     | Glimpsed the power of Zot.
 77424 | D:13     | Glimpsed the power of Zot.
 77523 | D:13     | Touched by the power of Zot (MHP 1 -> 1)
 77524 | D:13     | Glimpsed the power of Zot.
 78024 | D:13     | Glimpsed the power of Zot.
 78424 | D:13     | Glimpsed the power of Zot.
 78523 | D:13     | Touched by the power of Zot (MHP 1 -> 1)
 78524 | D:13     | Glimpsed the power of Zot.
 79024 | D:13     | Glimpsed the power of Zot.
 79424 | D:13     | Glimpsed the power of Zot.
 79523 | D:13     | Touched by the power of Zot (MHP 1 -> 1)
 79524 | D:13     | Glimpsed the power of Zot.
 80024 | D:13     | Glimpsed the power of Zot.
 80424 | D:13     | Glimpsed the power of Zot.
 80523 | D:13     | Touched by the power of Zot (MHP 1 -> 1)
 80524 | D:13     | Glimpsed the power of Zot.
 81024 | D:13     | Glimpsed the power of Zot.
 81424 | D:13     | Glimpsed the power of Zot.
 81523 | D:13     | Touched by the power of Zot (MHP 1 -> 1)
 81524 | D:13     | Glimpsed the power of Zot.
 82024 | D:13     | Glimpsed the power of Zot.
 82424 | D:13     | Glimpsed the power of Zot.
 82523 | D:13     | Touched by the power of Zot (MHP 1 -> 1)
 82524 | D:13     | Glimpsed the power of Zot.
 83024 | D:13     | Glimpsed the power of Zot.
 83424 | D:13     | Glimpsed the power of Zot.
 83523 | D:13     | Touched by the power of Zot (MHP 1 -> 1)
 83524 | D:13     | Glimpsed the power of Zot.
 84024 | D:13     | Glimpsed the power of Zot.
 84424 | D:13     | Glimpsed the power of Zot.
 84523 | D:13     | Touched by the power of Zot (MHP 1 -> 1)
 84524 | D:13     | Glimpsed the power of Zot.
 85024 | D:13     | Glimpsed the power of Zot.
 85424 | D:13     | Glimpsed the power of Zot.
 85523 | D:13     | Touched by the power of Zot (MHP 1 -> 1)
 85524 | D:13     | Glimpsed the power of Zot.
 86024 | D:13     | Glimpsed the power of Zot.
 86424 | D:13     | Glimpsed the power of Zot.
 86523 | D:13     | Touched by the power of Zot (MHP 1 -> 1)
 86524 | D:13     | Glimpsed the power of Zot.
 87024 | D:13     | Glimpsed the power of Zot.
 87424 | D:13     | Glimpsed the power of Zot.
 87523 | D:13     | Touched by the power of Zot (MHP 1 -> 1)
 87524 | D:13     | Glimpsed the power of Zot.
 88024 | D:13     | Glimpsed the power of Zot.
 88424 | D:13     | Glimpsed the power of Zot.
 88523 | D:13     | Touched by the power of Zot (MHP 1 -> 1)
 88524 | D:13     | Glimpsed the power of Zot.
 89024 | D:13     | Glimpsed the power of Zot.
 89424 | D:13     | Glimpsed the power of Zot.
 89523 | D:13     | Touched by the power of Zot (MHP 1 -> 1)
 89524 | D:13     | Glimpsed the power of Zot.
 90024 | D:13     | Glimpsed the power of Zot.
 90424 | D:13     | Glimpsed the power of Zot.
 90523 | D:13     | Touched by the power of Zot (MHP 1 -> 1)
 90524 | D:13     | Glimpsed the power of Zot.
 91024 | D:13     | Glimpsed the power of Zot.
 91424 | D:13     | Glimpsed the power of Zot.
 91523 | D:13     | Touched by the power of Zot (MHP 1 -> 1)
 91524 | D:13     | Glimpsed the power of Zot.
 92024 | D:13     | Glimpsed the power of Zot.
 92424 | D:13     | Glimpsed the power of Zot.
 92523 | D:13     | Touched by the power of Zot (MHP 1 -> 1)
 92524 | D:13     | Glimpsed the power of Zot.
 93024 | D:13     | Glimpsed the power of Zot.
 93424 | D:13     | Glimpsed the power of Zot.
 93523 | D:13     | Touched by the power of Zot (MHP 1 -> 1)
 93524 | D:13     | Glimpsed the power of Zot.
 94024 | D:13     | Glimpsed the power of Zot.
 94424 | D:13     | Glimpsed the power of Zot.
 94523 | D:13     | Touched by the power of Zot (MHP 1 -> 1)
 94524 | D:13     | Glimpsed the power of Zot.
 95024 | D:13     | Glimpsed the power of Zot.
 95424 | D:13     | Glimpsed the power of Zot.
 95523 | D:13     | Touched by the power of Zot (MHP 1 -> 1)
 95524 | D:13     | Glimpsed the power of Zot.
 96024 | D:13     | Glimpsed the power of Zot.
 96424 | D:13     | Glimpsed the power of Zot.
 96523 | D:13     | Touched by the power of Zot (MHP 1 -> 1)
 96524 | D:13     | Glimpsed the power of Zot.
 97024 | D:13     | Glimpsed the power of Zot.
 97424 | D:13     | Glimpsed the power of Zot.
 97523 | D:13     | Touched by the power of Zot (MHP 1 -> 1)
 97524 | D:13     | Glimpsed the power of Zot.
 98024 | D:13     | Glimpsed the power of Zot.
 98424 | D:13     | Glimpsed the power of Zot.
 98523 | D:13     | Touched by the power of Zot (MHP 1 -> 1)
 98524 | D:13     | Glimpsed the power of Zot.
 99024 | D:13     | Glimpsed the power of Zot.
 99424 | D:13     | Glimpsed the power of Zot.
 99523 | D:13     | Touched by the power of Zot (MHP 1 -> 1)
 99524 | D:13     | Glimpsed the power of Zot.
100024 | D:13     | Glimpsed the power of Zot.
100424 | D:13     | Glimpsed the power of Zot.
100523 | D:13     | Touched by the power of Zot (MHP 1 -> 1)
100524 | D:13     | Glimpsed the power of Zot.
101024 | D:13     | Glimpsed the power of Zot.
101424 | D:13     | Glimpsed the power of Zot.
101523 | D:13     | Touched by the power of Zot (MHP 1 -> 1)
101524 | D:13     | Glimpsed the power of Zot.
102024 | D:13     | Glimpsed the power of Zot.
102424 | D:13     | Glimpsed the power of Zot.
102523 | D:13     | Touched by the power of Zot (MHP 1 -> 1)
102524 | D:13     | Glimpsed the power of Zot.
103024 | D:13     | Glimpsed the power of Zot.
103424 | D:13     | Glimpsed the power of Zot.
103523 | D:13     | Touched by the power of Zot (MHP 1 -> 1)
103524 | D:13     | Glimpsed the power of Zot.
104024 | D:13     | Glimpsed the power of Zot.
104424 | D:13     | Glimpsed the power of Zot.
104523 | D:13     | Touched by the power of Zot (MHP 1 -> 1)
104524 | D:13     | Glimpsed the power of Zot.
105024 | D:13     | Glimpsed the power of Zot.
105424 | D:13     | Glimpsed the power of Zot.
105523 | D:13     | Touched by the power of Zot (MHP 1 -> 1)
105524 | D:13     | Glimpsed the power of Zot.
106024 | D:13     | Glimpsed the power of Zot.
106424 | D:13     | Glimpsed the power of Zot.
106523 | D:13     | Touched by the power of Zot (MHP 1 -> 1)
106524 | D:13     | Glimpsed the power of Zot.
107024 | D:13     | Glimpsed the power of Zot.
107424 | D:13     | Glimpsed the power of Zot.
107523 | D:13     | Touched by the power of Zot (MHP 1 -> 1)
107524 | D:13     | Glimpsed the power of Zot.
108024 | D:13     | Glimpsed the power of Zot.
108424 | D:13     | Glimpsed the power of Zot.
108523 | D:13     | Touched by the power of Zot (MHP 1 -> 1)
108524 | D:13     | Glimpsed the power of Zot.
109024 | D:13     | Glimpsed the power of Zot.
109424 | D:13     | Glimpsed the power of Zot.
109523 | D:13     | Touched by the power of Zot (MHP 1 -> 1)
109524 | D:13     | Glimpsed the power of Zot.
110024 | D:13     | Glimpsed the power of Zot.
110424 | D:13     | Glimpsed the power of Zot.
110523 | D:13     | Touched by the power of Zot (MHP 1 -> 1)
110524 | D:13     | Glimpsed the power of Zot.
111024 | D:13     | Glimpsed the power of Zot.
111424 | D:13     | Glimpsed the power of Zot.
111523 | D:13     | Touched by the power of Zot (MHP 1 -> 1)
111524 | D:13     | Glimpsed the power of Zot.
112024 | D:13     | Glimpsed the power of Zot.
112424 | D:13     | Glimpsed the power of Zot.
112523 | D:13     | Touched by the power of Zot (MHP 1 -> 1)
112524 | D:13     | Glimpsed the power of Zot.
113024 | D:13     | Glimpsed the power of Zot.
113424 | D:13     | Glimpsed the power of Zot.
113523 | D:13     | Touched by the power of Zot (MHP 1 -> 1)
113524 | D:13     | Glimpsed the power of Zot.
114024 | D:13     | Glimpsed the power of Zot.
114424 | D:13     | Glimpsed the power of Zot.
114523 | D:13     | Touched by the power of Zot (MHP 1 -> 1)
114524 | D:13     | Glimpsed the power of Zot.
115024 | D:13     | Glimpsed the power of Zot.
115424 | D:13     | Glimpsed the power of Zot.
115523 | D:13     | Touched by the power of Zot (MHP 1 -> 1)
115524 | D:13     | Glimpsed the power of Zot.
116024 | D:13     | Glimpsed the power of Zot.
116424 | D:13     | Glimpsed the power of Zot.
116523 | D:13     | Touched by the power of Zot (MHP 1 -> 1)
116524 | D:13     | Glimpsed the power of Zot.
117024 | D:13     | Glimpsed the power of Zot.
117424 | D:13     | Glimpsed the power of Zot.
117523 | D:13     | Touched by the power of Zot (MHP 1 -> 1)
117524 | D:13     | Glimpsed the power of Zot.
118024 | D:13     | Glimpsed the power of Zot.
118424 | D:13     | Glimpsed the power of Zot.
118523 | D:13     | Touched by the power of Zot (MHP 1 -> 1)
118524 | D:13     | Glimpsed the power of Zot.
119024 | D:13     | Glimpsed the power of Zot.
119424 | D:13     | Glimpsed the power of Zot.
119523 | D:13     | Touched by the power of Zot (MHP 1 -> 1)
119524 | D:13     | Glimpsed the power of Zot.
120024 | D:13     | Glimpsed the power of Zot.
120424 | D:13     | Glimpsed the power of Zot.
120523 | D:13     | Touched by the power of Zot (MHP 1 -> 1)
120524 | D:13     | Glimpsed the power of Zot.
121024 | D:13     | Glimpsed the power of Zot.
121424 | D:13     | Glimpsed the power of Zot.
121523 | D:13     | Touched by the power of Zot (MHP 1 -> 1)
121524 | D:13     | Glimpsed the power of Zot.
122024 | D:13     | Glimpsed the power of Zot.
122424 | D:13     | Glimpsed the power of Zot.
122523 | D:13     | Touched by the power of Zot (MHP 1 -> 1)
122524 | D:13     | Glimpsed the power of Zot.
123024 | D:13     | Glimpsed the power of Zot.
123424 | D:13     | Glimpsed the power of Zot.
123523 | D:13     | Touched by the power of Zot (MHP 1 -> 1)
123524 | D:13     | Glimpsed the power of Zot.
124024 | D:13     | Glimpsed the power of Zot.
124424 | D:13     | Glimpsed the power of Zot.
124523 | D:13     | Touched by the power of Zot (MHP 1 -> 1)
124524 | D:13     | Glimpsed the power of Zot.
125024 | D:13     | Glimpsed the power of Zot.
125424 | D:13     | Glimpsed the power of Zot.
125523 | D:13     | Touched by the power of Zot (MHP 1 -> 1)
125524 | D:13     | Glimpsed the power of Zot.
126024 | D:13     | Glimpsed the power of Zot.
126424 | D:13     | Glimpsed the power of Zot.
126523 | D:13     | Touched by the power of Zot (MHP 1 -> 1)
126524 | D:13     | Glimpsed the power of Zot.
127024 | D:13     | Glimpsed the power of Zot.
127424 | D:13     | Glimpsed the power of Zot.
127523 | D:13     | Touched by the power of Zot (MHP 1 -> 1)
127524 | D:13     | Glimpsed the power of Zot.
128024 | D:13     | Glimpsed the power of Zot.
128424 | D:13     | Glimpsed the power of Zot.
128523 | D:13     | Touched by the power of Zot (MHP 1 -> 1)
128524 | D:13     | Glimpsed the power of Zot.
129024 | D:13     | Glimpsed the power of Zot.
129424 | D:13     | Glimpsed the power of Zot.
129523 | D:13     | Touched by the power of Zot (MHP 1 -> 1)
129524 | D:13     | Glimpsed the power of Zot.
130024 | D:13     | Glimpsed the power of Zot.
130424 | D:13     | Glimpsed the power of Zot.
130523 | D:13     | Touched by the power of Zot (MHP 1 -> 1)
130524 | D:13     | Glimpsed the power of Zot.
131024 | D:13     | Glimpsed the power of Zot.
131424 | D:13     | Glimpsed the power of Zot.
131523 | D:13     | Touched by the power of Zot (MHP 1 -> 1)
131524 | D:13     | Glimpsed the power of Zot.
132024 | D:13     | Glimpsed the power of Zot.
132424 | D:13     | Glimpsed the power of Zot.
132523 | D:13     | Touched by the power of Zot (MHP 1 -> 1)
132524 | D:13     | Glimpsed the power of Zot.
133024 | D:13     | Glimpsed the power of Zot.
133424 | D:13     | Glimpsed the power of Zot.
133523 | D:13     | Touched by the power of Zot (MHP 1 -> 1)
133524 | D:13     | Glimpsed the power of Zot.
134024 | D:13     | Glimpsed the power of Zot.
134424 | D:13     | Glimpsed the power of Zot.
134523 | D:13     | Touched by the power of Zot (MHP 1 -> 1)
134524 | D:13     | Glimpsed the power of Zot.
135024 | D:13     | Glimpsed the power of Zot.
135424 | D:13     | Glimpsed the power of Zot.
135523 | D:13     | Touched by the power of Zot (MHP 1 -> 1)
135524 | D:13     | Glimpsed the power of Zot.
136024 | D:13     | Glimpsed the power of Zot.
136424 | D:13     | Glimpsed the power of Zot.
136523 | D:13     | Touched by the power of Zot (MHP 1 -> 1)
136524 | D:13     | Glimpsed the power of Zot.
137024 | D:13     | Glimpsed the power of Zot.
137424 | D:13     | Glimpsed the power of Zot.
137523 | D:13     | Touched by the power of Zot (MHP 1 -> 1)
137524 | D:13     | Glimpsed the power of Zot.
138024 | D:13     | Glimpsed the power of Zot.
138424 | D:13     | Glimpsed the power of Zot.
138523 | D:13     | Touched by the power of Zot (MHP 1 -> 1)
138524 | D:13     | Glimpsed the power of Zot.
139024 | D:13     | Glimpsed the power of Zot.
139424 | D:13     | Glimpsed the power of Zot.
139523 | D:13     | Touched by the power of Zot (MHP 1 -> 1)
139524 | D:13     | Glimpsed the power of Zot.
140024 | D:13     | Glimpsed the power of Zot.
140424 | D:13     | Glimpsed the power of Zot.
140523 | D:13     | Touched by the power of Zot (MHP 1 -> 1)
140524 | D:13     | Glimpsed the power of Zot.
141024 | D:13     | Glimpsed the power of Zot.
141424 | D:13     | Glimpsed the power of Zot.
141523 | D:13     | Touched by the power of Zot (MHP 1 -> 1)
141524 | D:13     | Glimpsed the power of Zot.
142024 | D:13     | Glimpsed the power of Zot.
142424 | D:13     | Glimpsed the power of Zot.
142523 | D:13     | Touched by the power of Zot (MHP 1 -> 1)
142524 | D:13     | Glimpsed the power of Zot.
143024 | D:13     | Glimpsed the power of Zot.
143424 | D:13     | Glimpsed the power of Zot.
143523 | D:13     | Touched by the power of Zot (MHP 1 -> 1)
143524 | D:13     | Glimpsed the power of Zot.
144024 | D:13     | Glimpsed the power of Zot.
144424 | D:13     | Glimpsed the power of Zot.
144523 | D:13     | Touched by the power of Zot (MHP 1 -> 1)
144524 | D:13     | Glimpsed the power of Zot.
145024 | D:13     | Glimpsed the power of Zot.
145424 | D:13     | Glimpsed the power of Zot.
145523 | D:13     | Touched by the power of Zot (MHP 1 -> 1)
145524 | D:13     | Glimpsed the power of Zot.
146024 | D:13     | Glimpsed the power of Zot.
146424 | D:13     | Glimpsed the power of Zot.
146523 | D:13     | Touched by the power of Zot (MHP 1 -> 1)
146524 | D:13     | Glimpsed the power of Zot.
147024 | D:13     | Glimpsed the power of Zot.
147424 | D:13     | Glimpsed the power of Zot.
147523 | D:13     | Touched by the power of Zot (MHP 1 -> 1)
147524 | D:13     | Glimpsed the power of Zot.
148024 | D:13     | Glimpsed the power of Zot.
148424 | D:13     | Glimpsed the power of Zot.
148523 | D:13     | Touched by the power of Zot (MHP 1 -> 1)
148524 | D:13     | Glimpsed the power of Zot.
149024 | D:13     | Glimpsed the power of Zot.
149424 | D:13     | Glimpsed the power of Zot.
149523 | D:13     | Touched by the power of Zot (MHP 1 -> 1)
149524 | D:13     | Glimpsed the power of Zot.
150024 | D:13     | Glimpsed the power of Zot.
150424 | D:13     | Glimpsed the power of Zot.
150523 | D:13     | Touched by the power of Zot (MHP 1 -> 1)
150524 | D:13     | Glimpsed the power of Zot.
151024 | D:13     | Glimpsed the power of Zot.
151424 | D:13     | Glimpsed the power of Zot.
151523 | D:13     | Touched by the power of Zot (MHP 1 -> 1)
151524 | D:13     | Glimpsed the power of Zot.
152024 | D:13     | Glimpsed the power of Zot.
152424 | D:13     | Glimpsed the power of Zot.
152523 | D:13     | Touched by the power of Zot (MHP 1 -> 1)
152524 | D:13     | Glimpsed the power of Zot.
153024 | D:13     | Glimpsed the power of Zot.
153424 | D:13     | Glimpsed the power of Zot.
153523 | D:13     | Touched by the power of Zot (MHP 1 -> 1)
153524 | D:13     | Glimpsed the power of Zot.
154024 | D:13     | Glimpsed the power of Zot.
154424 | D:13     | Glimpsed the power of Zot.
154523 | D:13     | Touched by the power of Zot (MHP 1 -> 1)
154524 | D:13     | Glimpsed the power of Zot.
155024 | D:13     | Glimpsed the power of Zot.
155424 | D:13     | Glimpsed the power of Zot.
155523 | D:13     | Touched by the power of Zot (MHP 1 -> 1)
155524 | D:13     | Glimpsed the power of Zot.
156024 | D:13     | Glimpsed the power of Zot.
156424 | D:13     | Glimpsed the power of Zot.
156523 | D:13     | Touched by the power of Zot (MHP 1 -> 1)
156524 | D:13     | Glimpsed the power of Zot.
157024 | D:13     | Glimpsed the power of Zot.
157424 | D:13     | Glimpsed the power of Zot.
157523 | D:13     | Touched by the power of Zot (MHP 1 -> 1)
157524 | D:13     | Glimpsed the power of Zot.
158024 | D:13     | Glimpsed the power of Zot.
158424 | D:13     | Glimpsed the power of Zot.
158523 | D:13     | Touched by the power of Zot (MHP 1 -> 1)
158524 | D:13     | Glimpsed the power of Zot.
159024 | D:13     | Glimpsed the power of Zot.
159424 | D:13     | Glimpsed the power of Zot.
159523 | D:13     | Touched by the power of Zot (MHP 1 -> 1)
159524 | D:13     | Glimpsed the power of Zot.
160024 | D:13     | Glimpsed the power of Zot.
160424 | D:13     | Glimpsed the power of Zot.
160523 | D:13     | Touched by the power of Zot (MHP 1 -> 1)
160524 | D:13     | Glimpsed the power of Zot.
161024 | D:13     | Glimpsed the power of Zot.
161424 | D:13     | Glimpsed the power of Zot.
161523 | D:13     | Touched by the power of Zot (MHP 1 -> 1)
161524 | D:13     | Glimpsed the power of Zot.
162024 | D:13     | Glimpsed the power of Zot.
162424 | D:13     | Glimpsed the power of Zot.
162523 | D:13     | Touched by the power of Zot (MHP 1 -> 1)
162524 | D:13     | Glimpsed the power of Zot.
163024 | D:13     | Glimpsed the power of Zot.
163424 | D:13     | Glimpsed the power of Zot.
163523 | D:13     | Touched by the power of Zot (MHP 1 -> 1)
163524 | D:13     | Glimpsed the power of Zot.
164024 | D:13     | Glimpsed the power of Zot.
164424 | D:13     | Glimpsed the power of Zot.
164523 | D:13     | Touched by the power of Zot (MHP 1 -> 1)
164524 | D:13     | Glimpsed the power of Zot.
165024 | D:13     | Glimpsed the power of Zot.
165424 | D:13     | Glimpsed the power of Zot.
165523 | D:13     | Touched by the power of Zot (MHP 1 -> 1)
165524 | D:13     | Glimpsed the power of Zot.
166024 | D:13     | Glimpsed the power of Zot.
166424 | D:13     | Glimpsed the power of Zot.
166523 | D:13     | Touched by the power of Zot (MHP 1 -> 1)
166524 | D:13     | Glimpsed the power of Zot.
167024 | D:13     | Glimpsed the power of Zot.
167424 | D:13     | Glimpsed the power of Zot.
167523 | D:13     | Touched by the power of Zot (MHP 1 -> 1)
167524 | D:13     | Glimpsed the power of Zot.
168024 | D:13     | Glimpsed the power of Zot.
168424 | D:13     | Glimpsed the power of Zot.
168523 | D:13     | Touched by the power of Zot (MHP 1 -> 1)
168524 | D:13     | Glimpsed the power of Zot.
169024 | D:13     | Glimpsed the power of Zot.
169424 | D:13     | Glimpsed the power of Zot.
169523 | D:13     | Touched by the power of Zot (MHP 1 -> 1)
169524 | D:13     | Glimpsed the power of Zot.
170024 | D:13     | Glimpsed the power of Zot.
170424 | D:13     | Glimpsed the power of Zot.
170523 | D:13     | Touched by the power of Zot (MHP 1 -> 1)
170524 | D:13     | Glimpsed the power of Zot.
171024 | D:13     | Glimpsed the power of Zot.
171424 | D:13     | Glimpsed the power of Zot.
171523 | D:13     | Touched by the power of Zot (MHP 1 -> 1)
171524 | D:13     | Glimpsed the power of Zot.
172024 | D:13     | Glimpsed the power of Zot.
172424 | D:13     | Glimpsed the power of Zot.
172523 | D:13     | Touched by the power of Zot (MHP 1 -> 1)
172524 | D:13     | Glimpsed the power of Zot.
173024 | D:13     | Glimpsed the power of Zot.
173424 | D:13     | Glimpsed the power of Zot.
173523 | D:13     | Touched by the power of Zot (MHP 1 -> 1)
173524 | D:13     | Glimpsed the power of Zot.
174024 | D:13     | Glimpsed the power of Zot.
174424 | D:13     | Glimpsed the power of Zot.
174523 | D:13     | Touched by the power of Zot (MHP 1 -> 1)
174524 | D:13     | Glimpsed the power of Zot.
175024 | D:13     | Glimpsed the power of Zot.
175424 | D:13     | Glimpsed the power of Zot.
175523 | D:13     | Touched by the power of Zot (MHP 1 -> 1)
175524 | D:13     | Glimpsed the power of Zot.
176024 | D:13     | Glimpsed the power of Zot.
176424 | D:13     | Glimpsed the power of Zot.
176523 | D:13     | Touched by the power of Zot (MHP 1 -> 1)
176524 | D:13     | Glimpsed the power of Zot.
177024 | D:13     | Glimpsed the power of Zot.
177424 | D:13     | Glimpsed the power of Zot.
177523 | D:13     | Touched by the power of Zot (MHP 1 -> 1)
177524 | D:13     | Glimpsed the power of Zot.
178024 | D:13     | Glimpsed the power of Zot.
178424 | D:13     | Glimpsed the power of Zot.
178523 | D:13     | Touched by the power of Zot (MHP 1 -> 1)
178524 | D:13     | Glimpsed the power of Zot.
179024 | D:13     | Glimpsed the power of Zot.
179424 | D:13     | Glimpsed the power of Zot.
179523 | D:13     | Touched by the power of Zot (MHP 1 -> 1)
179524 | D:13     | Glimpsed the power of Zot.
180024 | D:13     | Glimpsed the power of Zot.
180424 | D:13     | Glimpsed the power of Zot.
180523 | D:13     | Touched by the power of Zot (MHP 1 -> 1)
180524 | D:13     | Glimpsed the power of Zot.
181024 | D:13     | Glimpsed the power of Zot.
181424 | D:13     | Glimpsed the power of Zot.
181523 | D:13     | Touched by the power of Zot (MHP 1 -> 1)
181524 | D:13     | Glimpsed the power of Zot.
182024 | D:13     | Glimpsed the power of Zot.
182424 | D:13     | Glimpsed the power of Zot.
182523 | D:13     | Touched by the power of Zot (MHP 1 -> 1)
182524 | D:13     | Glimpsed the power of Zot.
183024 | D:13     | Glimpsed the power of Zot.
183424 | D:13     | Glimpsed the power of Zot.
183523 | D:13     | Touched by the power of Zot (MHP 1 -> 1)
183524 | D:13     | Glimpsed the power of Zot.
184024 | D:13     | Glimpsed the power of Zot.
184424 | D:13     | Glimpsed the power of Zot.
184523 | D:13     | Touched by the power of Zot (MHP 1 -> 1)
184524 | D:13     | Glimpsed the power of Zot.
185024 | D:13     | Glimpsed the power of Zot.
185424 | D:13     | Glimpsed the power of Zot.
185523 | D:13     | Touched by the power of Zot (MHP 1 -> 1)
185524 | D:13     | Glimpsed the power of Zot.
186024 | D:13     | Glimpsed the power of Zot.
186424 | D:13     | Glimpsed the power of Zot.
186523 | D:13     | Touched by the power of Zot (MHP 1 -> 1)
186524 | D:13     | Glimpsed the power of Zot.
187024 | D:13     | Glimpsed the power of Zot.
187424 | D:13     | Glimpsed the power of Zot.
187523 | D:13     | Touched by the power of Zot (MHP 1 -> 1)
187524 | D:13     | Glimpsed the power of Zot.
188024 | D:13     | Glimpsed the power of Zot.
188424 | D:13     | Glimpsed the power of Zot.
188523 | D:13     | Touched by the power of Zot (MHP 1 -> 1)
188524 | D:13     | Glimpsed the power of Zot.
189024 | D:13     | Glimpsed the power of Zot.
189424 | D:13     | Glimpsed the power of Zot.
189523 | D:13     | Touched by the power of Zot (MHP 1 -> 1)
189524 | D:13     | Glimpsed the power of Zot.
190024 | D:13     | Glimpsed the power of Zot.
190424 | D:13     | Glimpsed the power of Zot.
190523 | D:13     | Touched by the power of Zot (MHP 1 -> 1)
190524 | D:13     | Glimpsed the power of Zot.
191024 | D:13     | Glimpsed the power of Zot.
191424 | D:13     | Glimpsed the power of Zot.
191523 | D:13     | Touched by the power of Zot (MHP 1 -> 1)
191524 | D:13     | Glimpsed the power of Zot.
192024 | D:13     | Glimpsed the power of Zot.
192424 | D:13     | Glimpsed the power of Zot.
192523 | D:13     | Touched by the power of Zot (MHP 1 -> 1)
192524 | D:13     | Glimpsed the power of Zot.
193024 | D:13     | Glimpsed the power of Zot.
193424 | D:13     | Glimpsed the power of Zot.
193523 | D:13     | Touched by the power of Zot (MHP 1 -> 1)
193524 | D:13     | Glimpsed the power of Zot.
194024 | D:13     | Glimpsed the power of Zot.
194424 | D:13     | Glimpsed the power of Zot.
194523 | D:13     | Touched by the power of Zot (MHP 1 -> 1)
194524 | D:13     | Glimpsed the power of Zot.
195024 | D:13     | Glimpsed the power of Zot.
195424 | D:13     | Glimpsed the power of Zot.
195523 | D:13     | Touched by the power of Zot (MHP 1 -> 1)
195524 | D:13     | Glimpsed the power of Zot.
196024 | D:13     | Glimpsed the power of Zot.
196424 | D:13     | Glimpsed the power of Zot.
196523 | D:13     | Touched by the power of Zot (MHP 1 -> 1)
196524 | D:13     | Glimpsed the power of Zot.
197024 | D:13     | Glimpsed the power of Zot.
197424 | D:13     | Glimpsed the power of Zot.
197523 | D:13     | Touched by the power of Zot (MHP 1 -> 1)
197524 | D:13     | Glimpsed the power of Zot.
198024 | D:13     | Glimpsed the power of Zot.
198424 | D:13     | Glimpsed the power of Zot.
198523 | D:13     | Touched by the power of Zot (MHP 1 -> 1)
198524 | D:13     | Glimpsed the power of Zot.
199024 | D:13     | Glimpsed the power of Zot.
199424 | D:13     | Glimpsed the power of Zot.
199523 | D:13     | Touched by the power of Zot (MHP 1 -> 1)
199524 | D:13     | Glimpsed the power of Zot.
200024 | D:13     | Glimpsed the power of Zot.
200424 | D:13     | Glimpsed the power of Zot.
200523 | D:13     | Touched by the power of Zot (MHP 1 -> 1)
200524 | D:13     | Glimpsed the power of Zot.
201024 | D:13     | Glimpsed the power of Zot.
201424 | D:13     | Glimpsed the power of Zot.
201523 | D:13     | Touched by the power of Zot (MHP 1 -> 1)
201524 | D:13     | Glimpsed the power of Zot.
202024 | D:13     | Glimpsed the power of Zot.
202424 | D:13     | Glimpsed the power of Zot.
202523 | D:13     | Touched by the power of Zot (MHP 1 -> 1)
202524 | D:13     | Glimpsed the power of Zot.
203024 | D:13     | Glimpsed the power of Zot.
203424 | D:13     | Glimpsed the power of Zot.
203523 | D:13     | Touched by the power of Zot (MHP 1 -> 1)
203524 | D:13     | Glimpsed the power of Zot.
204024 | D:13     | Glimpsed the power of Zot.
204424 | D:13     | Glimpsed the power of Zot.
204523 | D:13     | Touched by the power of Zot (MHP 1 -> 1)
204524 | D:13     | Glimpsed the power of Zot.
205024 | D:13     | Glimpsed the power of Zot.
205424 | D:13     | Glimpsed the power of Zot.
205523 | D:13     | Touched by the power of Zot (MHP 1 -> 1)
205524 | D:13     | Glimpsed the power of Zot.
206024 | D:13     | Glimpsed the power of Zot.
206424 | D:13     | Glimpsed the power of Zot.
206523 | D:13     | Touched by the power of Zot (MHP 1 -> 1)
206524 | D:13     | Glimpsed the power of Zot.
207024 | D:13     | Glimpsed the power of Zot.
207424 | D:13     | Glimpsed the power of Zot.
207523 | D:13     | Touched by the power of Zot (MHP 1 -> 1)
207524 | D:13     | Glimpsed the power of Zot.
208024 | D:13     | Glimpsed the power of Zot.
208424 | D:13     | Glimpsed the power of Zot.
208523 | D:13     | Touched by the power of Zot (MHP 1 -> 1)
208524 | D:13     | Glimpsed the power of Zot.
209024 | D:13     | Glimpsed the power of Zot.
209424 | D:13     | Glimpsed the power of Zot.
209523 | D:13     | Touched by the power of Zot (MHP 1 -> 1)
209524 | D:13     | Glimpsed the power of Zot.
210024 | D:13     | Glimpsed the power of Zot.
210424 | D:13     | Glimpsed the power of Zot.
210523 | D:13     | Touched by the power of Zot (MHP 1 -> 1)
210524 | D:13     | Glimpsed the power of Zot.
211024 | D:13     | Glimpsed the power of Zot.
211424 | D:13     | Glimpsed the power of Zot.
211523 | D:13     | Touched by the power of Zot (MHP 1 -> 1)
211524 | D:13     | Glimpsed the power of Zot.
212024 | D:13     | Glimpsed the power of Zot.
212424 | D:13     | Glimpsed the power of Zot.
212523 | D:13     | Touched by the power of Zot (MHP 1 -> 1)
212524 | D:13     | Glimpsed the power of Zot.
213024 | D:13     | Glimpsed the power of Zot.
213424 | D:13     | Glimpsed the power of Zot.
213523 | D:13     | Touched by the power of Zot (MHP 1 -> 1)
213524 | D:13     | Glimpsed the power of Zot.
214024 | D:13     | Glimpsed the power of Zot.
214424 | D:13     | Glimpsed the power of Zot.
214523 | D:13     | Touched by the power of Zot (MHP 1 -> 1)
214524 | D:13     | Glimpsed the power of Zot.
215024 | D:13     | Glimpsed the power of Zot.
215424 | D:13     | Glimpsed the power of Zot.
215523 | D:13     | Touched by the power of Zot (MHP 1 -> 1)
215524 | D:13     | Glimpsed the power of Zot.
216024 | D:13     | Glimpsed the power of Zot.
216424 | D:13     | Glimpsed the power of Zot.
216523 | D:13     | Touched by the power of Zot (MHP 1 -> 1)
216524 | D:13     | Glimpsed the power of Zot.
217024 | D:13     | Glimpsed the power of Zot.
217424 | D:13     | Glimpsed the power of Zot.
217523 | D:13     | Touched by the power of Zot (MHP 1 -> 1)
217524 | D:13     | Glimpsed the power of Zot.
218024 | D:13     | Glimpsed the power of Zot.
218424 | D:13     | Glimpsed the power of Zot.
218523 | D:13     | Touched by the power of Zot (MHP 1 -> 1)
218524 | D:13     | Glimpsed the power of Zot.
219024 | D:13     | Glimpsed the power of Zot.
219424 | D:13     | Glimpsed the power of Zot.
219523 | D:13     | Touched by the power of Zot (MHP 1 -> 1)
219524 | D:13     | Glimpsed the power of Zot.
220024 | D:13     | Glimpsed the power of Zot.
220424 | D:13     | Glimpsed the power of Zot.
220523 | D:13     | Touched by the power of Zot (MHP 1 -> 1)
220524 | D:13     | Glimpsed the power of Zot.
221024 | D:13     | Glimpsed the power of Zot.
221424 | D:13     | Glimpsed the power of Zot.
221523 | D:13     | Touched by the power of Zot (MHP 1 -> 1)
221524 | D:13     | Glimpsed the power of Zot.
222024 | D:13     | Glimpsed the power of Zot.
222424 | D:13     | Glimpsed the power of Zot.
222523 | D:13     | Touched by the power of Zot (MHP 1 -> 1)
222524 | D:13     | Glimpsed the power of Zot.
223024 | D:13     | Glimpsed the power of Zot.
223424 | D:13     | Glimpsed the power of Zot.
223523 | D:13     | Touched by the power of Zot (MHP 1 -> 1)
223524 | D:13     | Glimpsed the power of Zot.
224024 | D:13     | Glimpsed the power of Zot.
224424 | D:13     | Glimpsed the power of Zot.
224523 | D:13     | Touched by the power of Zot (MHP 1 -> 1)
224524 | D:13     | Glimpsed the power of Zot.
225024 | D:13     | Glimpsed the power of Zot.
225424 | D:13     | Glimpsed the power of Zot.
225523 | D:13     | Touched by the power of Zot (MHP 1 -> 1)
225524 | D:13     | Glimpsed the power of Zot.
226024 | D:13     | Glimpsed the power of Zot.
226424 | D:13     | Glimpsed the power of Zot.
226523 | D:13     | Touched by the power of Zot (MHP 1 -> 1)
226524 | D:13     | Glimpsed the power of Zot.
227024 | D:13     | Glimpsed the power of Zot.
227424 | D:13     | Glimpsed the power of Zot.
227523 | D:13     | Touched by the power of Zot (MHP 1 -> 1)
227524 | D:13     | Glimpsed the power of Zot.
228024 | D:13     | Glimpsed the power of Zot.
228424 | D:13     | Glimpsed the power of Zot.
228523 | D:13     | Touched by the power of Zot (MHP 1 -> 1)
228524 | D:13     | Glimpsed the power of Zot.
229024 | D:13     | Glimpsed the power of Zot.
229424 | D:13     | Glimpsed the power of Zot.
229523 | D:13     | Touched by the power of Zot (MHP 1 -> 1)
229524 | D:13     | Glimpsed the power of Zot.
230024 | D:13     | Glimpsed the power of Zot.
230424 | D:13     | Glimpsed the power of Zot.
230523 | D:13     | Touched by the power of Zot (MHP 1 -> 1)
230524 | D:13     | Glimpsed the power of Zot.
231024 | D:13     | Glimpsed the power of Zot.
231424 | D:13     | Glimpsed the power of Zot.
231523 | D:13     | Touched by the power of Zot (MHP 1 -> 1)
231524 | D:13     | Glimpsed the power of Zot.
232024 | D:13     | Glimpsed the power of Zot.
232424 | D:13     | Glimpsed the power of Zot.
232523 | D:13     | Touched by the power of Zot (MHP 1 -> 1)
232524 | D:13     | Glimpsed the power of Zot.
233024 | D:13     | Glimpsed the power of Zot.
233424 | D:13     | Glimpsed the power of Zot.
233523 | D:13     | Touched by the power of Zot (MHP 1 -> 1)
233524 | D:13     | Glimpsed the power of Zot.
234024 | D:13     | Glimpsed the power of Zot.
234424 | D:13     | Glimpsed the power of Zot.
234523 | D:13     | Touched by the power of Zot (MHP 1 -> 1)
234524 | D:13     | Glimpsed the power of Zot.
235024 | D:13     | Glimpsed the power of Zot.
235424 | D:13     | Glimpsed the power of Zot.
235523 | D:13     | Touched by the power of Zot (MHP 1 -> 1)
235524 | D:13     | Glimpsed the power of Zot.
236024 | D:13     | Glimpsed the power of Zot.
236424 | D:13     | Glimpsed the power of Zot.
236523 | D:13     | Touched by the power of Zot (MHP 1 -> 1)
236524 | D:13     | Glimpsed the power of Zot.
237024 | D:13     | Glimpsed the power of Zot.
237424 | D:13     | Glimpsed the power of Zot.
237523 | D:13     | Touched by the power of Zot (MHP 1 -> 1)
237524 | D:13     | Glimpsed the power of Zot.
238024 | D:13     | Glimpsed the power of Zot.
238424 | D:13     | Glimpsed the power of Zot.
238523 | D:13     | Touched by the power of Zot (MHP 1 -> 1)
238524 | D:13     | Glimpsed the power of Zot.
239024 | D:13     | Glimpsed the power of Zot.
239424 | D:13     | Glimpsed the power of Zot.
239523 | D:13     | Touched by the power of Zot (MHP 1 -> 1)
239524 | D:13     | Glimpsed the power of Zot.
240024 | D:13     | Glimpsed the power of Zot.
240424 | D:13     | Glimpsed the power of Zot.
240523 | D:13     | Touched by the power of Zot (MHP 1 -> 1)
240524 | D:13     | Glimpsed the power of Zot.
241024 | D:13     | Glimpsed the power of Zot.
241424 | D:13     | Glimpsed the power of Zot.
241523 | D:13     | Touched by the power of Zot (MHP 1 -> 1)
241524 | D:13     | Glimpsed the power of Zot.
242024 | D:13     | Glimpsed the power of Zot.
242424 | D:13     | Glimpsed the power of Zot.
242523 | D:13     | Touched by the power of Zot (MHP 1 -> 1)
242524 | D:13     | Glimpsed the power of Zot.
243024 | D:13     | Glimpsed the power of Zot.
243424 | D:13     | Glimpsed the power of Zot.
243523 | D:13     | Touched by the power of Zot (MHP 1 -> 1)
243524 | D:13     | Glimpsed the power of Zot.
244024 | D:13     | Glimpsed the power of Zot.
244424 | D:13     | Glimpsed the power of Zot.
244523 | D:13     | Touched by the power of Zot (MHP 1 -> 1)
244524 | D:13     | Glimpsed the power of Zot.
245024 | D:13     | Glimpsed the power of Zot.
245424 | D:13     | Glimpsed the power of Zot.
245523 | D:13     | Touched by the power of Zot (MHP 1 -> 1)
245524 | D:13     | Glimpsed the power of Zot.
246024 | D:13     | Glimpsed the power of Zot.
246424 | D:13     | Glimpsed the power of Zot.
246523 | D:13     | Touched by the power of Zot (MHP 1 -> 1)
246524 | D:13     | Glimpsed the power of Zot.
247024 | D:13     | Glimpsed the power of Zot.
247424 | D:13     | Glimpsed the power of Zot.
247523 | D:13     | Touched by the power of Zot (MHP 1 -> 1)
247524 | D:13     | Glimpsed the power of Zot.
248024 | D:13     | Glimpsed the power of Zot.
248424 | D:13     | Glimpsed the power of Zot.
248523 | D:13     | Touched by the power of Zot (MHP 1 -> 1)
248524 | D:13     | Glimpsed the power of Zot.
249024 | D:13     | Glimpsed the power of Zot.
249424 | D:13     | Glimpsed the power of Zot.
249523 | D:13     | Touched by the power of Zot (MHP 1 -> 1)
249524 | D:13     | Glimpsed the power of Zot.
250024 | D:13     | Glimpsed the power of Zot.
250424 | D:13     | Glimpsed the power of Zot.
250523 | D:13     | Touched by the power of Zot (MHP 1 -> 1)
250524 | D:13     | Glimpsed the power of Zot.
251024 | D:13     | Glimpsed the power of Zot.
251424 | D:13     | Glimpsed the power of Zot.
251523 | D:13     | Touched by the power of Zot (MHP 1 -> 1)
251524 | D:13     | Glimpsed the power of Zot.
252024 | D:13     | Glimpsed the power of Zot.
252424 | D:13     | Glimpsed the power of Zot.
252523 | D:13     | Touched by the power of Zot (MHP 1 -> 1)
252524 | D:13     | Glimpsed the power of Zot.
253024 | D:13     | Glimpsed the power of Zot.
253424 | D:13     | Glimpsed the power of Zot.
253523 | D:13     | Touched by the power of Zot (MHP 1 -> 1)
253524 | D:13     | Glimpsed the power of Zot.
254024 | D:13     | Glimpsed the power of Zot.
254424 | D:13     | Glimpsed the power of Zot.
254523 | D:13     | Touched by the power of Zot (MHP 1 -> 1)
254524 | D:13     | Glimpsed the power of Zot.
255024 | D:13     | Glimpsed the power of Zot.
255424 | D:13     | Glimpsed the power of Zot.
255523 | D:13     | Touched by the power of Zot (MHP 1 -> 1)
255524 | D:13     | Glimpsed the power of Zot.
256024 | D:13     | Glimpsed the power of Zot.
256424 | D:13     | Glimpsed the power of Zot.
256523 | D:13     | Touched by the power of Zot (MHP 1 -> 1)
256524 | D:13     | Glimpsed the power of Zot.
257024 | D:13     | Glimpsed the power of Zot.
257424 | D:13     | Glimpsed the power of Zot.
257523 | D:13     | Touched by the power of Zot (MHP 1 -> 1)
257524 | D:13     | Glimpsed the power of Zot.
258024 | D:13     | Glimpsed the power of Zot.
258424 | D:13     | Glimpsed the power of Zot.
258523 | D:13     | Touched by the power of Zot (MHP 1 -> 1)
258524 | D:13     | Glimpsed the power of Zot.
259024 | D:13     | Glimpsed the power of Zot.
259424 | D:13     | Glimpsed the power of Zot.
259523 | D:13     | Touched by the power of Zot (MHP 1 -> 1)
259524 | D:13     | Glimpsed the power of Zot.
260024 | D:13     | Glimpsed the power of Zot.
260424 | D:13     | Glimpsed the power of Zot.
260523 | D:13     | Touched by the power of Zot (MHP 1 -> 1)
260524 | D:13     | Glimpsed the power of Zot.
261024 | D:13     | Glimpsed the power of Zot.
261424 | D:13     | Glimpsed the power of Zot.
261523 | D:13     | Touched by the power of Zot (MHP 1 -> 1)
261524 | D:13     | Glimpsed the power of Zot.
262024 | D:13     | Glimpsed the power of Zot.
262424 | D:13     | Glimpsed the power of Zot.
262523 | D:13     | Touched by the power of Zot (MHP 1 -> 1)
262524 | D:13     | Glimpsed the power of Zot.
263024 | D:13     | Glimpsed the power of Zot.
263424 | D:13     | Glimpsed the power of Zot.
263523 | D:13     | Touched by the power of Zot (MHP 1 -> 1)
263524 | D:13     | Glimpsed the power of Zot.
264024 | D:13     | Glimpsed the power of Zot.
264424 | D:13     | Glimpsed the power of Zot.
264523 | D:13     | Touched by the power of Zot (MHP 1 -> 1)
264524 | D:13     | Glimpsed the power of Zot.
265024 | D:13     | Glimpsed the power of Zot.
265424 | D:13     | Glimpsed the power of Zot.
265523 | D:13     | Touched by the power of Zot (MHP 1 -> 1)
265524 | D:13     | Glimpsed the power of Zot.
266024 | D:13     | Glimpsed the power of Zot.
266424 | D:13     | Glimpsed the power of Zot.
266523 | D:13     | Touched by the power of Zot (MHP 1 -> 1)
266524 | D:13     | Glimpsed the power of Zot.
267024 | D:13     | Glimpsed the power of Zot.
267424 | D:13     | Glimpsed the power of Zot.
267523 | D:13     | Touched by the power of Zot (MHP 1 -> 1)
267524 | D:13     | Glimpsed the power of Zot.
268024 | D:13     | Glimpsed the power of Zot.
268424 | D:13     | Glimpsed the power of Zot.
268523 | D:13     | Touched by the power of Zot (MHP 1 -> 1)
268524 | D:13     | Glimpsed the power of Zot.
269024 | D:13     | Glimpsed the power of Zot.
269424 | D:13     | Glimpsed the power of Zot.
269523 | D:13     | Touched by the power of Zot (MHP 1 -> 1)
269524 | D:13     | Glimpsed the power of Zot.
270024 | D:13     | Glimpsed the power of Zot.
270424 | D:13     | Glimpsed the power of Zot.
270523 | D:13     | Touched by the power of Zot (MHP 1 -> 1)
270524 | D:13     | Glimpsed the power of Zot.
271024 | D:13     | Glimpsed the power of Zot.
271424 | D:13     | Glimpsed the power of Zot.
271523 | D:13     | Touched by the power of Zot (MHP 1 -> 1)
271524 | D:13     | Glimpsed the power of Zot.
272024 | D:13     | Glimpsed the power of Zot.
272424 | D:13     | Glimpsed the power of Zot.
272523 | D:13     | Touched by the power of Zot (MHP 1 -> 1)
272524 | D:13     | Glimpsed the power of Zot.
273024 | D:13     | Glimpsed the power of Zot.
273424 | D:13     | Glimpsed the power of Zot.
273523 | D:13     | Touched by the power of Zot (MHP 1 -> 1)
273524 | D:13     | Glimpsed the power of Zot.
274024 | D:13     | Glimpsed the power of Zot.
274424 | D:13     | Glimpsed the power of Zot.
274523 | D:13     | Touched by the power of Zot (MHP 1 -> 1)
274524 | D:13     | Glimpsed the power of Zot.
275024 | D:13     | Glimpsed the power of Zot.
275424 | D:13     | Glimpsed the power of Zot.
275523 | D:13     | Touched by the power of Zot (MHP 1 -> 1)
275524 | D:13     | Glimpsed the power of Zot.
276024 | D:13     | Glimpsed the power of Zot.
276424 | D:13     | Glimpsed the power of Zot.
276523 | D:13     | Touched by the power of Zot (MHP 1 -> 1)
276524 | D:13     | Glimpsed the power of Zot.
277024 | D:13     | Glimpsed the power of Zot.
277424 | D:13     | Glimpsed the power of Zot.
277523 | D:13     | Touched by the power of Zot (MHP 1 -> 1)
277524 | D:13     | Glimpsed the power of Zot.
278024 | D:13     | Glimpsed the power of Zot.
278424 | D:13     | Glimpsed the power of Zot.
278523 | D:13     | Touched by the power of Zot (MHP 1 -> 1)
278524 | D:13     | Glimpsed the power of Zot.
279024 | D:13     | Glimpsed the power of Zot.
279424 | D:13     | Glimpsed the power of Zot.
279523 | D:13     | Touched by the power of Zot (MHP 1 -> 1)
279524 | D:13     | Glimpsed the power of Zot.
280024 | D:13     | Glimpsed the power of Zot.
280424 | D:13     | Glimpsed the power of Zot.
280523 | D:13     | Touched by the power of Zot (MHP 1 -> 1)
280524 | D:13     | Glimpsed the power of Zot.
281024 | D:13     | Glimpsed the power of Zot.
281424 | D:13     | Glimpsed the power of Zot.
281523 | D:13     | Touched by the power of Zot (MHP 1 -> 1)
281524 | D:13     | Glimpsed the power of Zot.
282024 | D:13     | Glimpsed the power of Zot.
282424 | D:13     | Glimpsed the power of Zot.
282523 | D:13     | Touched by the power of Zot (MHP 1 -> 1)
282524 | D:13     | Glimpsed the power of Zot.
283024 | D:13     | Glimpsed the power of Zot.
283424 | D:13     | Glimpsed the power of Zot.
283523 | D:13     | Touched by the power of Zot (MHP 1 -> 1)
283524 | D:13     | Glimpsed the power of Zot.
284024 | D:13     | Glimpsed the power of Zot.
284424 | D:13     | Glimpsed the power of Zot.
284523 | D:13     | Touched by the power of Zot (MHP 1 -> 1)
284524 | D:13     | Glimpsed the power of Zot.
285024 | D:13     | Glimpsed the power of Zot.
285424 | D:13     | Glimpsed the power of Zot.
285523 | D:13     | Touched by the power of Zot (MHP 1 -> 1)
285524 | D:13     | Glimpsed the power of Zot.
286024 | D:13     | Glimpsed the power of Zot.
286424 | D:13     | Glimpsed the power of Zot.
286523 | D:13     | Touched by the power of Zot (MHP 1 -> 1)
286524 | D:13     | Glimpsed the power of Zot.
287024 | D:13     | Glimpsed the power of Zot.
287424 | D:13     | Glimpsed the power of Zot.
287523 | D:13     | Touched by the power of Zot (MHP 1 -> 1)
287524 | D:13     | Glimpsed the power of Zot.
288024 | D:13     | Glimpsed the power of Zot.
288407 | D:13     | 288407 ||| QUITTING!
288423 | D:12     | Glimpsed the power of Zot.
288424 | D:12     | 288424 ||| QUITTING!
288521 | D:8      | Touched by the power of Zot (MHP 1 -> 1)
288522 | D:8      | 288522 ||| QUITTING!
288522 | D:8      | Glimpsed the power of Zot.
288592 | Temple   | 288592 ||| QUITTING!
288604 | Temple   | 288604 ||| QUITTING!
288819 | D:14     | 288819 ||| QUITTING!
288819 | D:14     | 288819 ||| QUITTING!
288819 | D:14     | 288819 ||| QUITTING!
288819 | D:14     | Quit the game

Levels and vault maps discovered:
D:1:      lightli_arrival_statue_moat, layout_loops_ring, nrook_mini_backslash,
          minivault_24
D:2:      layout_loops_ring, ebering_ecumenical_altar_rust, patterned_corridor,
          uniq_sigmund
D:3:      minmay_door_path, layout_loops_corners, minmay_misc_feat_alley
D:4:      layout_rooms, nicolae_dithmenos_shadow_blocks
D:5:      layout_rooms, vehumet_altar_wand_db, portal_sewer_entry_f,
          uniq_duvessa
D:6:      layout_cave_pools, minmay_temple_entry_fiery, gammafunk_ghost_split,
          enter_ossuary_4, sigmund_army, uniq_crazy_yiuf_cottage
D:7:      layout_loops_ring, pdpol_wu_jian_five_deadly_venoms,
          grunt_temple_overflow_open
D:8:      layout_loops_corners, mainiacjoe_overflow_brackets, enter_bailey_8,
          uniq_maggie, uniq_maurice, uniq_grum, uniq_psyche, uniq_prince_ribbit1
D:9:      layout_cave_pools, mainiacjoe_overflow_chevrons, serial_gnoll_camp,
          gnoll_camp_medium_01, gnoll_camp_mini_hut, gnoll_camp_mini_shop,
          gnoll_camp_medium_02, gnoll_camp_mini_doghouse,
          hangedman_tell_no_tales
D:10:     due_chaos_kobolds, layout_loops_ring, amcnicky_altar_gilded,
          grunt_lair_entry_orc_guard_hut, minmay_misc_feat_diagonals,
          uniq_amaemon, uniq_joseph
D:11:     layout_loops_ring, special_room [special_room_bee], serial_shops,
          nicolae_shop_crystal
D:12:     layout_rooms, uniq_fannar
D:13:     layout_irregular_city
D:14:     layout_loops_corners, grunt_vaults_entry_fortified, serial_shops,
          statue_bzr, dreamdust_princess_corridor
Temple:   nicolae_temple_hex_pool
Lair:1:   layout_gridlike, cheibrodos_lair_caveside_slide
Lair:2:   gammafunk_cloud_chamber, layout_concentric_octagons,
          hellmonk_spider_entry_life_and_decay
Lair:3:   layout_regular_city, nicolae_shoals_entry_roost, st_stairs_13,
          grunt_megastairs_3, serial_bayou_shore_b, infiniplex_staircase_pool_2,
          lemuel_fruit_tree, uniq_nessos
Lair:4:   layout_roguey, slime_entry_1, minmay_lindwurm_lava, uniq_kirke,
          uniq_sonja
Lair:5:   evilmike_catoblepas_cave, layout_hall_layers

Skill      XL: |  1  2  3  4  5  6  7  8  9 10 11 12 13 14 15 |
---------------+----------------------------------------------+-----
Ranged Weapons | 3 6 7 8 10 12 13 14 16 18 20 | 20.0
Fighting       | 2 3 4 5 7 8 10 12 13 15 | 15.0
Armour         | 2 3 4 |  4.1
Dodging        | 3 4 5 9 10 11 12 14 15 | 15.3
Invocations    | 4 6 10 | 10.0
Spellcasting   | |  1.0
Hexes          | |  2.0

Action                     |  1- 3 |  4- 6 |  7- 9 | 10-12 | 13-15 || total
---------------------------+-------+-------+-------+-------+-------++-------
   Fire: Sling             |    96 |    63 |       |       |       ||   159
         Shortbow          |       |    58 |   339 |   137 |       ||   534
         Longbow           |       |       |       |   314 |   568 ||   882
 Invoke: Heroism           |       |       |     2 |    25 |    20 ||    47
         Finesse           |       |       |       |       |     9 ||     9
    Use: Scroll            |     1 |     5 |     9 |     3 |     1 ||    19
         Potion            |       |     2 |    10 |     2 |     1 ||    15
 Armour: Robe              |    15 |       |       |       |       ||    15
         Leather armour    |     2 |     7 |       |       |       ||     9
         Ring mail         |       |     4 |    64 |     5 |       ||    73
         Troll leather arm |       |       |       |    41 |    28 ||    69
  Dodge: Dodged            |    29 |    25 |   120 |   349 |   250 ||   773

Table legend:
 A = Non-vault XP
 B = Vault XP
 C = Vault XP percentage of total XP
 D = Non-vault monster count
 E = Vault monster count
 F = Vault count percentage of total count
                 A         B        C        D         E       F
            +---------+---------+-------+---------+---------+-------
      Total |   90283 |   40732 |  31.1 |     432 |     198 |  31.4
            +---------+---------+-------+---------+---------+-------
        D:1 |      41 |       0 |   0.0 |      25 |       0 |   0.0
        D:2 |      65 |     223 |  77.4 |      21 |       1 |   4.5
        D:3 |      56 |      17 |  23.3 |      11 |       3 |  21.4
        D:4 |     736 |      67 |   8.3 |      26 |       1 |   3.7
        D:5 |     594 |     162 |  21.4 |      19 |       5 |  20.8
        D:6 |     717 |      17 |   2.3 |      13 |       7 |  35.0
        D:7 |    1597 |       0 |   0.0 |      28 |       0 |   0.0
        D:8 |    2601 |    2156 |  45.3 |      15 |       9 |  37.5
        D:9 |    1952 |    1585 |  44.8 |      21 |      42 |  66.7
       D:10 |    1252 |    2223 |  64.0 |      22 |       9 |  29.0
       D:11 |    4843 |    1465 |  23.2 |      14 |      20 |  58.8
       D:12 |    6163 |     873 |  12.4 |      15 |       1 |   6.2
       D:13 |    4611 |       0 |   0.0 |      11 |       0 |   0.0
       D:14 |   11793 |    6064 |  34.0 |      26 |       9 |  25.7
     Lair:1 |    4811 |       0 |   0.0 |      20 |       0 |   0.0
     Lair:2 |    8083 |    3395 |  29.6 |      40 |      10 |  20.0
     Lair:3 |    6240 |    5248 |  45.7 |      19 |      10 |  34.5
     Lair:4 |    9211 |    5906 |  39.1 |      30 |      12 |  28.6
     Lair:5 |   24917 |   10789 |  30.2 |      56 |      23 |  29.1
      Sewer |       0 |     389 | 100.0 |       0 |      20 | 100.0
    Ossuary |       0 |     153 | 100.0 |       0 |      16 | 100.0
            +---------+---------+-------+---------+---------+-------
